 Dungeon Crawl Stone Soup version 0.31.0-11-ge490571c62 (webtiles) character file.

Game seed: 6597460600370066677

1949160 jt the Sorcerer (level 27, 169/203 HPs)
             Began as a Djinni Chaos Knight on Jan 28, 2024.
             Was a Favourite Plaything of Xom.
             Escaped with the Orb
             ... and 3 runes
             ... and 2 gems on Jan 30, 2024!
             The game lasted 05:54:17 (65829 turns).

jt the Sorcerer (Djinni Chaos Knight)              Turns: 65829, Time: 05:54:18

Health: 169/203    AC: 45    Str: 22    XL:     27
Gold:   9098       EV: 18    Int: 27    God:    Xom [*.....] SH: 10 Dex: 26

rFire   + + +        a - +9 double sword (protect)
rCold   + + +        g - +2 buckler {reflect}
rNeg    + . .        L - +12 ice dragon scales "Iddiumyi" {rF- rC++ Dex+7}
rPois   ∞            n - +2 hat of the Spider Nest {Slay+2 Stlth+}
rElec   +            Y - +2 cloak {Will+}
rCorr   +            k - +2 pair of gloves {Stlth+}
SInv    .            (boots unavailable)
Will    ++++.        C - amulet "Deutot" {Spirit rElec rN+ Dex+3 Stlth+}
Stlth   +++          D - ring of Ehydetie {rC+ Will- rCorr Str+6 Int+2}
HPRegen 0.53/turn    j - ring of Atypromu {rPois rF+ rC+ Will+ AC+4 Dex-3}
MPRegen 0.00/turn

%: reflection, clarity, guardian spirit
@: flying, hasted, studying 3 skills, very quick
A: sickness immunity, fire resistance 3, cold vulnerability 1, float, innate
caster, HP casting, extra vitality 1, thin skeletal structure 2, clarity, clever
1, strong-willed 1, electricity resistance, strong 1, inability to read after
injury 2, MP-powered wands
0: Orb of Zot
}: 3/15 runes: barnacled, slimy, gossamer
a: Renounce Religion


You escaped.
You worshipped Xom.
You were a special plaything of Xom.
You visited 11 branches of the dungeon, and saw 52 of its levels.
You visited 1 ziggurat, and saw 12 of its levels.
You also visited: Wizlab and Desolation.

You collected 11897 gold pieces.
You spent 2799 gold pieces at shops.

Inventory:

Hand Weapons
 a - a +9 double sword of protection (weapon)
 h - the +4 whip of Internal Strife {chaos, Will++ rCorr SInv}
   (Xom gifted it to you on level 14 of the Dungeon)

   Will++:    It greatly increases your willpower.
   SInv:      It lets you see invisible.
   rCorr:     It protects you from acid and corrosion.
 R - the +7 long sword of Arrival {pain, rF+}
   (You took it off an imperial myrmidon in the Desolation of Salt)

   rF+:       It protects you from fire.
 X - the +8 trident of Beox {speed, +Blink rElec Str+3}
   (You found it on level 4 of the Lair of Beasts)

   Str+3:     It affects your strength (+3).
   rElec:     It insulates you from electricity.
   +Blink:    It lets you blink.
Missiles
 H - 10 curare-tipped darts
Armour
 g - a +2 buckler of reflection (worn)
 k - a +2 pair of gloves of stealth (worn)
 n - the +2 hat of the Spider Nest (worn) {Slay+2 Stlth+}
   (You acquired it on level 1 of the Elven Halls)

   Slay+2:    It affects your accuracy & damage with ranged weapons and melee
   (+2).
   Stlth+:    It makes you more stealthy.
 L - the +12 ice dragon scales "Iddiumyi" (worn) {rF- rC++ Dex+7}
   (You found it in the Desolation of Salt)

   Dex+7:     It affects your dexterity (+7).
   rF-:       It makes you vulnerable to fire.
   rC++:      It greatly protects you from cold.
 V - a +0 helmet of intelligence
 Y - a +2 cloak of willpower (worn)
Jewellery
 j - the ring of Atypromu (right hand) {rPois rF+ rC+ Will+ AC+4 Dex-3}
   (You found it on level 4 of the Lair of Beasts)

   [ring of protection]

   AC+4:      It affects your AC (+4).
   Dex-3:     It affects your dexterity (-3).
   rF+:       It protects you from fire.
   rC+:       It protects you from cold.
   rPois:     It protects you from poison Will+: It increases your willpower.
 o - a +6 ring of strength
 r - a ring of see invisible
 x - a +6 ring of intelligence
 y - a ring of wizardry
 A - the ring "Jenn" {rF+++ rC+ rN+ Str-4}
   (You found it on level 8 of a ziggurat)

   [ring of positive energy]

   Str-4:     It affects your strength (-4).
   rF+++:     It renders you almost immune to fire.
   rC+:       It protects you from cold.
   rN+:       It protects you from negative energy.
 C - the amulet "Deutot" (around neck) {Spirit rElec rN+ Dex+3 Stlth+}
   (You found it in the Desolation of Salt)

   [amulet of guardian spirit]

   Spirit:    It causes incoming damage to be divided between your reserves of
   health and magic.
   Dex+3:     It affects your dexterity (+3).
   rElec:     It insulates you from electricity.
   rN+:       It protects you from negative energy.
   Stlth+:    It makes you more stealthy.
 D - the ring of Ehydetie (left hand) {rC+ Will- rCorr Str+6 Int+2}
   (You found it in the Desolation of Salt)

   [ring of protection from cold]

   Str+6:     It affects your strength (+6).
   Int+2:     It affects your intelligence (+2).
   rC+:       It protects you from cold.
   Will-:     It decreases your willpower.
   rCorr:     It protects you from acid and corrosion.
 K - the ring "Hiefae Nydo" {Fly rN+ rCorr Dex+6}
   (You took it off a purple draconian on level 3 of the Realm of Zot)

   [ring of dexterity]

   Dex+6:     It affects your dexterity (+6).
   rN+:       It protects you from negative energy.
   Fly:       It grants you flight.
   rCorr:     It protects you from acid and corrosion.
 W - the ring "Leib" {Fly rC+ Will++}
   (You found it on level 4 of the Spider Nest)

   [ring of flight]

   rC+:       It protects you from cold.
   Will++:    It greatly increases your willpower.
   Fly:       It grants you flight.
Wands
 p - a wand of paralysis (62)
 I - a wand of digging (10)
 J - a wand of polymorph (8)
 N - a wand of roots (63)
 P - a wand of flame (104)
 Z - a wand of acid (27)
Scrolls
 b - 2 scrolls of fear
 c - a scroll of butterflies
 d - 22 scrolls of teleportation
 e - 8 scrolls of poison
 f - a scroll of revelation
 l - a scroll of summoning
 u - 3 scrolls of silence
 v - 17 scrolls of fog
 w - 4 scrolls of blinking
 z - 8 scrolls of vulnerability
 G - 9 scrolls of immolation
Potions
 i - 2 potions of ambrosia
 m - 12 potions of brilliance
 s - 7 potions of might
 t - a potion of berserk rage
 B - a potion of cancellation
 E - 18 potions of curing
 F - 3 potions of heal wounds
 Q - 8 potions of enlightenment
 S - 5 potions of resistance
 T - 19 potions of mutation
Miscellaneous
 M - a phial of floods
 O - a lightning rod (4/4)


   Skills:
 - Level 19.6 Fighting
 - Level 16.0 Long Blades
 - Level 6.0 Throwing
 + Level 25.1 Armour
 - Level 9.3 Dodging
 - Level 5.0 Stealth
 - Level 8.0 Shields
 + Level 26.5 Spellcasting
 + Level 26.5 Conjurations
 + Level 26.5 Hexes
 + Level 26.5 Summonings
 + Level 26.5 Necromancy
 + Level 26.5 Translocations
 + Level 26.5 Fire Magic
 + Level 26.5 Ice Magic
 + Level 26.5 Air Magic
 + Level 26.5 Earth Magic
 + Level 26.5 Alchemy
 - Level 7.5 Evocations


You knew the following spells:

 Your Spells              Type           Power      Damage    Failure   Level
a - Slow                  Hex            100%       N/A       0%          1
b - Static Discharge      Conj/Air       100%       3-8/arc   0%          2
c - Volatile Blastmotes   Fire/Tloc      100%       2d18      0%          3
d - Dazzling Flash        Conj/Hex       100%       N/A       0%          3
e - Summon Forest         Summ/Tloc      54%        N/A       0%          5
f - Freezing Cloud        Conj/Ice/Air   54%        6-21      0%          5
g - Plasma Beam           Fire/Air       54%        2x1d69    0%          6
h - Summon Hydra          Summ           54%        N/A       1%          7
i - Malign Gateway        Summ/Tloc      54%        N/A       1%          7
j - Lehudib's Crystal Sp  Conj/Erth      54%        10d13     1%          8
k - Maxwell's Capacitive  Air            54%        ∞         1%          8
l - Fire Storm            Conj/Fire      54%        8d14      3%          9
m - Polar Vortex          Ice            54%        12d7*     3%          9
Your spell library was empty.

Dungeon Overview and Level Annotations

Branches:
Dungeon (15/15)            Temple (1/1) D:4            Lair (5/5) D:11
 Shoals (4/4) Lair:2       Spider (4/4) Lair:3        Slime (5/5) Lair:4
    Orc (2/2) D:12            Elf (3/3) Orc:2        Vaults (4/5) D:13
  Crypt (0/3) Vaults:3     Depths (4/4) D:15            Zot (5/5) Depths:4
 WizLab (visited)         Desolation (visited)

Altars:
Ashenzari
Cheibriados
Dithmenos
Elyvilon
Fedhas
Gozag
Hepliaklqana
Makhleb
Nemelex Xobeh
Okawaru
Qazlal
Ru
Trog
Uskayaw
Wu Jian
Xom
Yredelemnul
Zin
The Shining One
Jiyva
Lugonu

Shops:
D:10 !   D:14 !   Orc:1 *[   Orc:2 [=![   Elf:1 ==:   Elf:2 !(   Vaults:1 (
Vaults:4 [[*   Depths:2 *

Portals:
Hell: Depths:1 Depths:2 Depths:3 Depths:4
Abyss: D:7 Shoals:1 Depths:2 Depths:3
Pandemonium: Depths:2

Annotations:
D:3 Sigmund
D:7 2 transporters, Hans's ghost, novice MiGl


Innate Abilities, Weirdness & Mutations

You are immune to sickness and miasma.
You are immune to poison.
Your flesh is almost immune to the effects of heat. (rF+++)
You are vulnerable to cold. (rC-)
You float through the air rather than walking.
You learn spells naturally, not from books.
Your magical power is your life essence.
You have superior vitality. (+4 MHP)
You have a moderately thin skeletal structure. (Dex +4, Stealth++)
You possess an exceptional clarity of mind.
Your mind is acute. (Int +4, Str/Dex -1)
You are strong-willed. (Will+)
You are resistant to electric shocks. (rElec)
Your muscles are strong. (Str +4, Int/Dex -1)
You sometimes lose the ability to read scrolls when taking damage.
You expend health (3 HP) to strengthen your wands.


Message History

The Orb Guardian is almost dead.
The Orb Guardian hits you but does no damage.
You hit the Orb Guardian.
You kill the Orb Guardian!
What level of the Dungeon? (default 1, ? - help)
There is a stone staircase leading up here.
You fly upwards.
There is a stone staircase leading down here.
You see here a +0 short sword.
A demonspawn warmonger and a reaper come into view.
The demonspawn warmonger is wielding a +5 bardiche of distortion and wearing a +1 chain mail of willpower.
The reaper is wielding a +7 scythe of venom.
Casting: Polar Vortex (dangerous; 3% risk of failure)
Confirm with . or Enter, or press ? or * to list all spells.
Okay, then.
Blink to where?
Press: ? - help, Dir - move target
As you read the scroll of blinking, it crumbles to dust. "Just a minor improvement..."
The demonspawn warmonger moves out of view.
You feel yourself speed up.
You swap places.
You swap places.
Aiming: Dig
Press: ? - help, Shift-Dir - straight line, f - you Please select a direction to dig.
This square is covered in magical glow.
You feel a surge of power!
The rock shatters into small pieces.
Blink to where?
Press: ? - help, Dir - move target
As you read the scroll of blinking, it crumbles to dust.
Okay, then.
Aiming: Dig
Press: ? - help, Shift-Dir - straight line, f - you Please select a direction to dig.
This square is covered in magical glow.
You feel a surge of power!
The rock shatters into small pieces.
Blink to where?
Press: ? - help, Dir - move target
As you read the scroll of blinking, it crumbles to dust.
You have escaped!

.#.## ###.#####.......##...
.### ####.......####.....###.
.# ###.............###....###
##
##.....##.####...........## #
#....###.....###....##...## #
####..#.........##....#....#
#
#........#.###...##...##...#
#
#....######...##...#....#...#
#
#....#......@......#....#...#
#
#....#...##...##...#....#...#
#
##...##...#.###...##...######
# ... ##...#.....##....#.....
# .## ###.#...###....##.....
# #######.....##...... ###
#.......###....### ..##
#....####.....## # #..##
##.###.......## ##


There were no monsters in sight!

Vanquished Creatures
  the Royal Jelly (Slime:5)
  A seraph (D:3)
  4 dread liches (Zot:5)
  5 orbs of fire
  A pandemonium lord (D:6)
  2 ancient liches
  4 royal mummies (Zig:12)
  Parghit (Zot:1)
  Saint Roka (Depths:1)
  6 Killer Klowns
  2 curse toes
  12 golden dragons
  A doom hound (Depths:3)
  A Tzitzimitl (Depths:1)
  3 electric golems
  17 tentacled monstrosities
  20 Orb Guardians
  A Hell Sentinel (Zig:7)
  6 titans
  A deep elf master archer (Elf:3)
  A quicksilver dragon (shapeshifter) (Zig:5)
  8 liches
  6 quicksilver dragons
  17 acid blobs
  9 death cobs
  An Executioner (Zot:5)
  4 ancient champions
  A walking divine tome (Depths:4)
  2 sphinxes
  3 tentacled starspawn (Zot:4)
  Kirke (Shoals:1)
  3 shadow dragons
  8 storm dragons
  5 tengu reavers
  9 protean progenitors
  5 rockslimes
  8 azure jellies (Slime:5)
  9 draconian monks
  5 draconian knights
  9 frost giants
  8 fire giants
  4 emperor scorpions
  4 deep elf sorcerers
  2 caustic shrike zombies (Zot:4)
  11 vault wardens
  A deep elf elementalist (Elf:3)
  Louise (D:15)
  5 draconian scorchers
  A balrug (Zot:4)
  An angel (Vaults:2)
  2 orc warlords
  3 draconian shifters
  6 formless jellyfish
  3 ghost moths
  3 broodmothers (Spider:4)
  3 spriggan defenders (Depths:4)
  17 quicksilver oozes
  A reaper (Zig:10)
  15 ironbound preservers
  5 draconian annihilators
  17 very ugly things
  13 stone giants
  3 vampire knights
  4 deep elf annihilators
  3 ironbound thunderhulks
  5 deep elf demonologists
  7 black draconians
  4 green draconians
  10 dire elephants
  6 white draconians
  9 yellow draconians
  2 bunyips (Zot:4)
  5 deep elf death magi
  2 lorocyprocas (Zot:4)
  Azrael (Orc:2)
  A bennu (Zig:12)
  A war gargoyle (Zig:6)
  9 red draconians
  15 purple draconians
  8 spark wasps
  Snorg (D:14)
  A jiangshi (Zig:10)
  A shambling mangrove (Zig:11)
  3 merfolk javelineers
  2 green deaths (Depths:3)
  13 ettins
  5 yaktaur captains
  3 mummy priests
  5 merfolk impalers
  4 crystal guardians
  2 ragged hierophants (Desolation)
  2 deep elf high priests (Elf:3)
  2 entropy weavers
  5 fire dragons
  2 rakshasas
  8 great orbs of eyes
  8 hydras
  3 peacekeepers
  5 vault guards
  An ogre mage (Orc:2)
  11 ice dragons
  5 merfolk avatars
  10 boulder beetles
  24 centaur warriors
  A servant of whispers (Desolation)
  An anaconda (Elf:3)
  6 spriggan air magi
  A sphinx zombie (WizLab)
  4 merfolk aquamancers (Shoals:4)
  10 ironbound frosthearts
  3 death yaks
  12 dancing weapons
  An alligator snapping turtle (Shoals:4)
  The ghost of zkyp the Protected, a journeyman GrRe of Makhleb (D:10)
  6 deep troll shamans
  10 demonic crawlers
  2 death scarabs (Zig:12)
  A satyr (Shoals:4)
  2 tengu warriors (D:15)
  A vampire mage (Depths:2)
  A ghost crab (Zig:11)
  15 two-headed ogres
  4 deep troll earth magi
  2 sphinx skeletons
  2 orc high priests
  Urug (D:10)
  An occultist (D:15)
  10 deep elf knights
  5 hell knights
  7 spriggan berserkers
  A fire crab (Lair:4)
  7 pharaoh ants
  2 shadow wraiths (Zig:9)
  9 skeletal warriors
  16 iron trolls
  A golden dragon zombie (WizLab)
  7 skysharks
  A cherub (D:3)
  A spriggan druid (Zig:11)
  A sun moth (Zot:4)
  5 arcanists
  2 glowing orange brains
  An orb spider (shapeshifter) (D:15)
  11 sea snakes
  12 deep elf archers
  9 ironbound convokers
  3 flayed ghosts
  51 deep trolls
  A glowing orange brain (shapeshifter) (Zig:5)
  8 orb spiders
  6 lindwurms
  An obsidian statue (Zot:5)
  5 orc knights
  3 necromancers
  A shadow dragon zombie (Zig:12)
  A tengu zombie (WizLab)
  8 steelbarb worms
  18 deep elf zephyrmancers
  22 harpies
  8 shining eyes
  17 deep elf pyromancers
  A tengu skeleton (Vaults:1)
  13 manticores
  A frost giant zombie (WizLab)
  16 ugly things
  A fire giant zombie (WizLab)
  6 merfolk sirens
  A worldbinder (Shoals:1)
  13 wolf spiders
  An orc sorcerer (Elf:3)
  3 fauns
  Maurice (D:7)
  A nameless horror (D:15)
  37 moths of wrath
  12 cyclopes
  3 apocalypse crabs
  5 meliai
  49 slime creatures
  3 elephants
  6 water nymphs
  A guardian serpent (Desolation)
  10 vault sentinels
  2 molten gargoyles
  2 eyes of devastation
  4 black mambas
  A torpor snail (shapeshifter) (Depths:4)
  An orange demon (Orc:2)
  A torpor snail (Spider:1)
  A yaktaur zombie (Vaults:1)
  A hellion (Zot:1)
  6 cane toads
  3 kobold demonologists
  2 unseen horrors
  A rime drake (Lair:5)
  33 yaktaurs
  6 komodo dragons
  11 trolls
  5 tengu conjurers
  A golden dragon simulacrum (Zig:12)
  A yaktaur skeleton (Vaults:1)
  4 guardian mummies
  An ancient zyme (Shoals:1)
  5 efreet
  A red devil (Depths:1)
  A polar bear (Shoals:3)
  Psyche (D:10)
  17 merfolk
  8 hornets
  3 wind drakes
  A tyrant leech (Zig:11)
  2 glass eyes
  15 saltlings (Desolation)
  19 tarantellas
  13 blink frogs
  8 snapping turtles
  A snapping turtle (shapeshifter) (Zot:4)
  10 culicivoras
  7 jumping spiders
  A yak (shapeshifter) (D:15)
  3 spriggans (Depths:4)
  A shadow (D:9)
  15 water elementals
  2 air elementals
  A wraith (D:11)
  6 wyverns
  2 ushabtiu (Zig:12)
  35 yaks
  5 basilisks
  2 fire elementals
  A hog (shapeshifter) (Zig:5)
  2 humans (D:13)
  An elf skeleton (Vaults:1)
  3 golden eyes
  A hog (Shoals:1)
  2 steam dragons
  24 redbacks
  5 wargs
  9 vampire mosquitoes
  2 acid dragons
  A swamp worm (shapeshifter) (Zig:1)
  A hell hound (Orc:2)
  2 glowing shapeshifter zombies (WizLab)
  17 water moccasins
  A glowing shapeshifter skeleton (Vaults:3)
  2 sky beasts (D:8)
  An ettin simulacrum (Vaults:3)
  6 orc warriors
  2 ice beasts (D:7)
  2 black bears (Zot:3)
  3 wolves
  12 ogres
  2 centaurs
  20 kobold brigands
  12 bullfrogs
  5 scorpions
  2 earth elementals
  A gnoll sergeant (D:9)
  3 wights (D:8)
  3 killer bees (D:10)
  6 electric eels
  4 howler monkeys
  3 hounds
  11 orc priests
  2 jellies
  A gnoll bouda (D:9)
  5 hell rats
  A sleepcap (D:6)
  19 orc wizards
  A boggart simulacrum (D:15)
  6 mummies (Zig:12)
  4 adders
  8 gnolls (D:9)
  A shadow imp (D:6)
  2 white imps
  2 ufetubi (D:4)
  3 ribbon worms
  33 orcs
  5 endoplasms
  5 giant cockroaches
  4 goblins
  7 hobgoblins
  3 jackals (D:1)
  8 quokkas
  7 ball pythons
  6 bats
  3 frilled lizards
  34 kobolds
  6 rats
  3 aspiring fleshes
  A butterfly (Zot:4)
  A fire vortex (Zot:1)
  14 snaplasher vines
  A starspawn tentacle (Zot:4)
1724 creatures vanquished.

Vanquished Creatures (collateral kills)
  2 dread liches
  2 ancient liches
  A royal mummy (WizLab)
  A Killer Klown (Zot:5)
  A caustic shrike (Depths:4)
  A golden dragon (Zot:5)
  A pandemonium lord (Zig:7)
  the Enchantress (Depths:4)
  A bone dragon (Depths:2)
  Arachne (Spider:2)
  A doom hound (Depths:3)
  An electric golem (Zot:5)
  Zenata (Vaults:3)
  A tentacled monstrosity (Zot:5)
  Grunn (Depths:3)
  A lich (Zig:9)
  Rupert (Lair:4)
  Asterion (Depths:1)
  2 deep elf blademasters (Elf:3)
  9 Orb Guardians (Zot:5)
  A quicksilver dragon (Zot:1)
  The ghost of vbillard the Eclecticist, an adept DECj of Vehumet (Spider:3)
  10 acid blobs
  2 tentacled starspawn (Zig:9)
  Agnes (D:15)
  2 Executioners
  5 ancient champions
  2 death cobs
  A sphinx (Vaults:4)
  A deep elf master archer (Elf:3)
  A storm dragon (Zot:1)
  A shadow dragon (Zig:6)
  A draconian knight (Zot:5)
  A daeva (Vaults:2)
  4 rockslimes
  2 azure jellies
  An imperial myrmidon (Desolation)
  A demonspawn warmonger (Zig:7)
  A ghost moth (Zot:1)
  5 emperor scorpions
  3 draconian shifters
  A vault warden (Vaults:3)
  A deep elf sorcerer (Elf:3)
  2 ghouls
  A caustic shrike zombie (Zot:4)
  A spriggan defender (Depths:4)
  6 ironbound preservers
  A very ugly thing (Depths:2)
  6 quicksilver oozes
  A reaper (Zig:10)
  2 broodmothers (Spider:4)
  4 formless jellyfish
  A stone giant (Vaults:1)
  3 vampire knights
  3 green draconians (Zot:1)
  An ironbound thunderhulk (Vaults:2)
  2 deep elf demonologists (Elf:3)
  A halazid warlock (Desolation)
  A purple draconian (Zot:5)
  3 black draconians (Zot:1)
  2 lorocyprocas
  3 yellow draconians
  2 white draconians
  A demonspawn black sun (Zig:7)
  A red draconian (Zot:2)
  A bunyip (Zig:11)
  2 merfolk impalers
  A merfolk javelineer (Shoals:4)
  2 crystal guardians (Desolation)
  6 ragged hierophants (Desolation)
  An entropy weaver (Spider:1)
  A mummy priest (WizLab)
  A shambling mangrove (Zig:11)
  A yaktaur captain (Vaults:1)
  3 great orbs of eyes
  An ice dragon (Depths:1)
  5 vault guards
  5 hydras
  A rakshasa (Depths:1)
  A hell beast (Zig:7)
  2 servants of whispers (Desolation)
  An ogre mage (Orc:2)
  5 peacekeepers (Desolation)
  2 merfolk aquamancers (Shoals:4)
  2 quicksilver dragon skeletons (Depths:2)
  3 ironbound frosthearts (Vaults:4)
  4 two-headed ogres (Orc:2)
  A merfolk avatar (Shoals:4)
  8 centaur warriors
  2 alligators
  A spriggan air mage (Depths:4)
  7 death yaks
  A vampire mage (Zig:10)
  5 deep troll earth magi (Depths:1)
  4 boulder beetles
  3 orc high priests
  3 demonic crawlers
  A spriggan berserker (Zig:11)
  3 dancing weapons
  An occultist (D:15)
  A thrashing horror (Zig:9)
  A hell knight (Zot:4)
  2 wretched stars
  A skyshark (Lair:5)
  2 deep elf knights (Elf:2)
  2 spriggans (Depths:1)
  A skeletal warrior (D:12)
  4 iron trolls
  2 large abominations
  22 deep trolls
  A pharaoh ant (Lair:3)
  2 sea snakes
  A spark wasp zombie (WizLab)
  A glowing orange brain (Slime:3)
  A swamp dragon (Zig:11)
  2 orb spiders (Spider:2)
  A spriggan druid (Zig:11)
  An arcanist (D:15)
  A phantasmal warrior (Zig:10)
  A steelbarb worm (Spider:4)
  A sun moth (Spider:2)
  2 deep elf archers (Elf:3)
  6 ironbound convokers
  A bog body (Zig:11)
  13 harpies
  3 deep elf pyromancers
  A deep elf zephyrmancer (Elf:1)
  11 wolf spiders
  4 fauns
  3 shining eyes
  2 orc sorcerers
  An oklob plant (Lair:2)
  3 orc knights
  A tengu skeleton (Depths:2)
  7 ugly things
  3 cyclopes
  2 will-o-the-wisps (Zig:11)
  2 moths of wrath
  An iron dragon skeleton (Depths:2)
  6 manticores
  7 elephants
  3 merfolk sirens
  2 guardian serpents
  4 vault sentinels
  4 black mambas
  An apocalypse crab (Zig:5)
  A kobold blastminer (Orc:2)
  An eye of devastation (Slime:1)
  A smoke demon (Zig:7)
  An unseen horror (D:12)
  2 torpor snails
  2 cane toads
  4 komodo dragons (Lair:4)
  15 yaktaurs
  An ancient zyme (Shoals:1)
  2 guardian mummies
  2 tengu conjurers (Depths:1)
  3 merfolk (Shoals:4)
  A polar bear (Lair:4)
  A hellwing (Zig:7)
  5 trolls
  6 tarantellas
  5 hornets
  A wind drake (Lair:5)
  4 blink frogs
  27 saltlings (Desolation)
  2 glass eyes
  2 raiju
  A spriggan zombie (WizLab)
  A snapping turtle (Shoals:1)
  6 culicivoras
  10 jumping spiders
  41 slime creatures
  3 water elementals
  An air elemental (Elf:1)
  A wyvern (Lair:4)
  A fire bat (Orc:2)
  A ynoxinul (Zig:9)
  5 golden eyes (Slime:5)
  An ushabti (Zig:12)
  4 starcursed masses (Zig:9)
  A neqoxec (Zig:9)
  21 yaks
  2 fire elementals (Orc:2)
  A human (D:13)
  A basilisk (Lair:3)
  A human zombie (WizLab)
  A warg (Orc:1)
  17 redbacks
  A vampire mosquito (D:13)
  A spatial vortex (Shoals:1)
  4 hell hounds (Orc:2)
  A glowing shapeshifter zombie (WizLab)
  5 water moccasins
  8 orc warriors
  A swamp drake (Zig:11)
  A laughing skull (Zig:9)
  11 ogres
  8 wolves
  2 centaurs (D:13)
  A phantom (D:5)
  3 bullfrogs (Lair:4)
  2 kobold brigands (D:9)
  A scorpion (D:5)
  2 earth elementals (Elf:1)
  A howler monkey (D:8)
  4 orc priests
  3 orc wizards
  3 hell rats (Lair:3)
  2 mummies (Zig:12)
  An adder (D:5)
  A river rat (D:11)
  A white imp (D:5)
  12 orcs
  2 quokkas
  A kobold (D:13)
  3 aspiring fleshes (Zot:1)
  A butterfly (Zot:4)
  4 starspawn tentacles (Zig:9)
664 creatures vanquished.

Vanquished Creatures (others)
  66 eldritch tentacles
  An acid blob (Slime:5)
  A storm dragon (Zot:2)
  A deep elf sorcerer (Elf:3)
  A very ugly thing (Zot:4)
  A black draconian (Zot:1)
  2 red draconians
  A servant of whispers (Desolation)
  2 dancing weapons
  A death yak (Lair:4)
  A demonic crawler (Spider:2)
  An ugly thing (D:15)
  A deep elf zephyrmancer (Elf:2)
  A moth of wrath (Zot:1)
  An orc sorcerer (Elf:3)
  A queen bee (shapeshifter) (D:15)
  A saltling (Desolation)
  A human (Shoals:1)
  A fire elemental (Elf:1)
  A raiju zombie (WizLab)
  A sky beast zombie (D:8)
  8 fire vortices
  4 foxfires (Zig:11)
  73 snaplasher vines
  9 starspawn tentacles
182 creatures vanquished.

Grand Total: 2570 creatures vanquished

Notes
Turn   | Place    | Note
-------+----------+-------------------------------------------
     0 | D:1      | jt the Djinni Chaos Knight began the quest for the Orb.
     0 | D:1      | Reached XP level 1. HP: 20/20 MP: 0/0
   259 | D:1      | Reached XP level 2. HP: 25/25 MP: 0/0
   303 | D:1      | XOM: noise
   380 | D:1      | Reached XP level 3. HP: 28/30 MP: 0/0
   380 | D:1      | Learned a level 1 spell: Slow
   739 | D:1      | XOM is BORED!
   739 | D:1      | XOM: noise
   758 | D:2      | XOM: noise
  1281 | D:2      | XOM: noise
  1314 | D:2      | Reached XP level 4. HP: 33/35 MP: 0/0
  1494 | D:3      | Found an opulent altar of Gozag.
  1497 | D:3      | Found a white marble altar of Elyvilon.
  1497 | D:3      | Found a shimmering altar of Xom.
  1671 | D:3      | Noticed Sigmund
  1680 | D:3      | XOM: butterfly on damage
  1701 | D:3      | XOM: potion effect (might)
  1718 | D:3      | XOM: chaos upgrade
  1834 | D:3      | XOM: give mutations
  1834 | D:3      | Gained mutation: You are very vulnerable to cold. (rC--)
                  | [Xom's mischief]
  1834 | D:3      | Gained mutation: You are clumsy. (Dex -2) [Xom's mischief]
  1834 | D:3      | Lost mutation: You are clumsy. (Dex -2) [Xom's mischief]
  1914 | D:4      | Reached XP level 5. HP: 8/41 MP: 0/0
  1914 | D:4      | Learned a level 2 spell: Static Discharge
  2090 | D:4      | XOM: noise
  2125 | D:4      | Found a staircase to the Ecumenical Temple.
  2131 | Temple   | Entered the Ecumenical Temple
  2220 | D:4      | XOM: give mutations
  2220 | D:4      | Gained mutation: Your body sometimes deteriorates upon
                  | taking damage. [Xom's mischief]
  2220 | D:4      | Gained mutation: You occasionally lose the ability to read
                  | scrolls when taking damage. [Xom's mischief]
  2220 | D:4      | Gained mutation: You sometimes lose the ability to read
                  | scrolls when taking damage. [Xom's mischief]
  2618 | D:4      | XOM: stat loss: -1 Dex (14/15)
  2793 | D:4      | XOM: swap monsters
  2797 | D:4      | Reached XP level 6. HP: 34/47 MP: 0/0
  2914 | D:5      | Entered Level 5 of the Dungeon
  2935 | D:5      | Reached skill level 5 in Long Blades
  3101 | D:5      | XOM: cast spell 'Summon Dragon'
  3103 | D:5      | XOM: smoke on damage
  3107 | D:5      | Reached XP level 7. HP: 53/53 MP: 0/0
  3107 | D:5      | Learned a level 3 spell: Volatile Blastmotes
  3242 | D:5      | Reached skill level 5 in Fighting
  3288 | D:5      | XOM: god gift: 4 large rocks
  3351 | D:5      | XOM: give mutations
  3351 | D:5      | Gained mutation: Your flesh is almost immune to the effects
                  | of heat. (rF+++) [Xom's grace]
  3351 | D:5      | Gained mutation: You are partially covered in iridescent
                  | scales. (AC +2) [Xom's grace]
  3351 | D:5      | Gained mutation: You have supernaturally acute eyesight.
                  | (SInv) [Xom's grace]
  3434 | D:6      | Noticed a water moccasin
  3463 | D:6      | Killed a water moccasin
  3559 | D:6      | Reached XP level 8. HP: 60/60 MP: 0/0
  3970 | D:6      | XOM: stat loss: -1 Int (19/20)
  4018 | D:6      | Noticed a hornet
  4025 | D:6      | XOM: summons 3 friendly demons
  4028 | D:6      | XOM: smoke on damage
  4030 | D:6      | Killed a hornet
  4489 | D:7      | XOM: divination: detect items
  4545 | D:7      | Noticed Maurice
  4559 | D:7      | Killed Maurice
  4560 | D:7      | Reached skill level 1 in Evocations
  4560 | D:7      | Reached XP level 9. HP: 67/67 MP: 0/0
  4560 | D:7      | Learned a level 3 spell: Dazzling Flash
  4611 | D:7      | XOM: enchant monster (bad)
  4635 | D:7      | Found a transporter.
  4660 | D:7      | Found a transporter.
  4676 | D:7      | Found a one-way gate to the infinite horrors of the Abyss.
  4676 | D:7      | Noticed Hans's ghost (novice MiGl)
  4695 | D:7      | Noticed a red ugly thing
  5195 | D:8      | XOM: noise
  5212 | D:8      | XOM: destruction
  5251 | D:8      | Reached skill level 5 in Dodging
  5680 | D:8      | XOM: scenery: summon butterflies
  5861 | D:9      | XOM: summons friendly shadow imp
  5868 | D:9      | Reached XP level 10. HP: 75/75 MP: 0/0
  5989 | D:9      | Noticed a kobold demonologist
  6005 | D:9      | Killed a kobold demonologist
  6011 | D:9      | XOM: fog
  6038 | D:9      | XOM: summons friendly white imp
  6057 | D:9      | XOM: scenery: summon butterflies
  6204 | D:9      | Found a sparkling altar of Nemelex Xobeh.
  6289 | D:9      | Noticed a two-headed ogre
  6294 | D:9      | XOM: chaos upgrade
  6302 | D:9      | XOM: butterfly on damage
  6304 | D:9      | Killed a two-headed ogre
  6305 | D:9      | Reached skill level 10 in Long Blades
  6305 | D:9      | Reached skill level 1 in Throwing
  6520 | D:9      | XOM: noise
  6532 | D:9      | Reached skill level 5 in Evocations
  6619 | D:10     | Entered Level 10 of the Dungeon
  6685 | D:10     | Noticed Maggie
  6693 | D:10     | Maggie changed into Maggie the harpy
  6693 | D:10     | Noticed Maggie
  6693 | D:10     | XOM: polymorph Maggie -> Maggie the harpy
  6699 | D:10     | Killed Maggie the harpy
  6700 | D:10     | Reached XP level 11. HP: 67/81 MP: 0/0
  6700 | D:10     | Learned a level 5 spell: Summon Forest
  6707 | D:10     | Reached skill level 1 in Spellcasting
  6707 | D:10     | Reached skill level 1 in Conjurations
  6707 | D:10     | Reached skill level 1 in Hexes
  6707 | D:10     | Reached skill level 1 in Summonings
  6707 | D:10     | Reached skill level 1 in Necromancy
  6707 | D:10     | Reached skill level 1 in Translocations
  6707 | D:10     | Reached skill level 1 in Fire Magic
  6707 | D:10     | Reached skill level 1 in Ice Magic
  6707 | D:10     | Reached skill level 1 in Air Magic
  6707 | D:10     | Reached skill level 1 in Earth Magic
  6707 | D:10     | Reached skill level 1 in Alchemy
  6726 | D:10     | XOM: 1-stop teleportation journey
  6760 | D:10     | Found a hide-covered altar of Uskayaw.
  6790 | D:10     | Found Netav's Distillery.
  6790 | D:10     | XOM: 1-stop teleportation journey
  6882 | D:10     | Noticed Urug
  6887 | D:10     | XOM: summons 9 friendly demons
  6899 | D:10     | Killed Urug
  6912 | D:10     | Noticed Psyche
  6916 | D:10     | Killed Psyche
  7153 | D:10     | Bought a potion of curing for 42 gold pieces
  7153 | D:10     | Bought a potion of heal wounds for 70 gold pieces
  7153 | D:10     | Bought a potion of mutation for 112 gold pieces
  7254 | D:10     | Reached skill level 5 in Spellcasting
  7254 | D:10     | Reached skill level 5 in Conjurations
  7254 | D:10     | Reached skill level 5 in Hexes
  7254 | D:10     | Reached skill level 5 in Summonings
  7254 | D:10     | Reached skill level 5 in Necromancy
  7254 | D:10     | Reached skill level 5 in Translocations
  7254 | D:10     | Reached skill level 5 in Fire Magic
  7254 | D:10     | Reached skill level 5 in Ice Magic
  7254 | D:10     | Reached skill level 5 in Air Magic
  7254 | D:10     | Reached skill level 5 in Earth Magic
  7254 | D:10     | Reached skill level 5 in Alchemy
  7257 | D:10     | XOM: summons friendly crimson imp
  7265 | D:10     | XOM: blink monster(s)
  7413 | D:10     | XOM: summons friendly shadow imp
  7433 | D:10     | XOM: noise
  7435 | D:10     | XOM: summons 2 friendly demons
  7449 | D:10     | Found a runed translucent gate.
  7449 | D:10     | Noticed zkyp's ghost (journeyman GrRe)
  7450 | D:10     | Found a runed translucent gate.
  7451 | D:10     | Found a runed translucent gate.
  7722 | D:10     | XOM: give mutation
  7722 | D:10     | Gained mutation: You are strong-willed. (Will+) [Xom's
                  | grace]
  7837 | D:10     | XOM: potion effect (berserk rage)
  7931 | D:11     | Found a hide-covered altar of Uskayaw.
  7931 | D:11     | XOM: silly message
  7941 | D:11     | XOM: potion effect (berserk rage)
  7943 | D:11     | Reached XP level 12. HP: 86/87 MP: 0/0
  7991 | D:11     | XOM: silly message
  8148 | D:11     | Noticed a death yak
  8148 | D:11     | Noticed a death yak
  8160 | D:11     | Killed a death yak
  8161 | D:11     | Killed a death yak
  8161 | D:11     | Noticed a death yak
  8172 | D:11     | Killed a death yak
  8175 | D:11     | Noticed a boulder beetle
  8195 | D:11     | Killed a boulder beetle
  8212 | D:11     | Found a staircase to the Lair.
  8317 | D:11     | XOM: 9-stop teleportation journey
  8580 | D:12     | XOM: 1-stop teleportation journey
  8586 | D:12     | Identified the +0 rapier "Dokhlidia" {freeze, Dex+4 SInv}
  8730 | Lair:1   | Entered Level 1 of the Lair of Beasts
  8733 | Lair:1   | XOM: blink monster(s)
  8833 | Lair:1   | XOM: 3-stop teleportation journey
  9043 | Lair:1   | XOM: divination: detect items
  9047 | Lair:1   | XOM: cast spell 'Summon Ice Beast'
  9049 | Lair:1   | XOM: fog
  9060 | Lair:1   | XOM: enchant monster (good)
  9073 | Lair:1   | Reached XP level 13. HP: 60/94 MP: 0/0
  9073 | Lair:1   | Learned a level 5 spell: Freezing Cloud
  9137 | Lair:1   | XOM: scenery: 1 doors open
  9214 | Lair:1   | XOM: give mutations
  9214 | Lair:1   | Gained mutation: You have hidden genetic potential. [Xom's
                  | grace]
  9214 | Lair:1   | Gained mutation: You are robust. (+10% HP) [Xom's grace]
  9450 | Lair:1   | XOM: give mutations
  9450 | Lair:1   | Gained mutation: You expend health (3 HP) to strengthen
                  | your wands. [Xom's grace]
  9450 | Lair:1   | Gained mutation: You are agile. (Dex +4, Str/Int -1) [Xom's
                  | grace]
  9450 | Lair:1   | Gained mutation: Your mind is acute. (Int +4, Str/Dex -1)
                  | [Xom's grace]
  9585 | Lair:2   | XOM: cast spell 'Cause Fear'
  9603 | Lair:2   | XOM: scenery: 1 doors open
  9682 | Lair:2   | XOM: confuse monster(s)
  9771 | Lair:2   | Found a snail-covered altar of Cheibriados.
  9792 | Lair:2   | Noticed a five-headed hydra
  9792 | Lair:2   | Found the +1 robe of Vines {NoPotionHeal Regen++++}
  9792 | Lair:2   | Noticed an eight-headed hydra
  9794 | Lair:2   | XOM: fog
  9806 | Lair:2   | Killed an eight-headed hydra
  9807 | Lair:2   | Reached skill level 10 in Fighting
  9807 | Lair:2   | Reached skill level 10 in Spellcasting
  9807 | Lair:2   | Reached skill level 10 in Conjurations
  9807 | Lair:2   | Reached skill level 10 in Hexes
  9807 | Lair:2   | Reached skill level 10 in Summonings
  9807 | Lair:2   | Reached skill level 10 in Necromancy
  9807 | Lair:2   | Reached skill level 10 in Translocations
  9807 | Lair:2   | Reached skill level 10 in Fire Magic
  9807 | Lair:2   | Reached skill level 10 in Ice Magic
  9807 | Lair:2   | Reached skill level 10 in Air Magic
  9807 | Lair:2   | Reached skill level 10 in Earth Magic
  9807 | Lair:2   | Reached skill level 10 in Alchemy
  9811 | Lair:2   | Killed a five-headed hydra
  9913 | Lair:2   | XOM: summons 5 friendly demons
  9981 | Lair:2   | Found a staircase to the Shoals.
 10284 | Lair:2   | XOM: butterfly on damage
 10491 | Lair:3   | Noticed a six-headed hydra
 10495 | Lair:3   | Killed a six-headed hydra
 10681 | Lair:3   | XOM: 3-stop teleportation journey
 10688 | Lair:3   | Identified a scroll of acquirement
 10693 | Lair:3   | Acquired the +5 ring mail "Qogeghes" {Str+2}
 10728 | Lair:3   | Identified the +1 leather armour of the Onion {rC++}
 10894 | Lair:3   | Reached XP level 14. HP: 80/115 MP: 0/0
 10984 | Lair:3   | Found a hole to the Spider Nest.
 11162 | Lair:3   | XOM: divination: detect creatures
 11192 | Lair:3   | XOM: god gift: runed great sword {god gift}
 11364 | Lair:4   | Reached skill level 5 in Armour
 11386 | Lair:4   | Gained mutation: You are highly strong-willed. (Will++)
                  | [hidden potential]
 11447 | Lair:4   | XOM: confusion (+ monsters)
 11729 | Lair:4   | XOM: divination: detect creatures
 11767 | Lair:4   | Identified the ring of Atypromu {rPois rF+ rC+ Will+ AC+4
                  | Dex-3}
 11790 | Lair:4   | XOM: scenery: summon butterflies
 11818 | Lair:4   | XOM: 1-stop teleportation journey
 11821 | Lair:4   | Noticed Rupert
 11829 | Lair:4   | Killed Rupert
 12057 | Lair:4   | Found the +8 storm bow {elec, penet}
 12167 | Lair:4   | Found a viscous altar of Jiyva.
 12167 | Lair:4   | Found a staircase to the Slime Pits.
 12570 | Lair:4   | Identified the staff of the Lurker {Int+3 Earth} (Xom
                  | gifted it to you on level 4 of the Lair of Beasts)
 12570 | Lair:4   | XOM: god gift: staff of the Lurker {Int+3 Earth}
 12586 | Lair:4   | XOM: fog
 12600 | Lair:4   | XOM: divine lightning
 12644 | Lair:4   | Identified the staff of Zanutwec {Stlth+ Fire Earth}
 12649 | Lair:4   | Identified the +8 trident of Beox {speed, +Blink rElec
                  | Str+3}
 12699 | Lair:4   | XOM: summons 9 friendly demons
 12722 | Lair:4   | XOM: 9-stop teleportation journey
 13003 | Lair:4   | XOM: summons 3 friendly demons
 13162 | Lair:5   | Entered Level 5 of the Lair of Beasts
 13162 | Lair:5   | XOM: polymorph six-headed hydra -> jumping spider
 13165 | Lair:5   | XOM: confuse monster(s)
 13227 | Lair:5   | XOM: fog
 13432 | Lair:5   | XOM: cast spell 'Disjunction'
 13507 | Lair:5   | Reached XP level 15. HP: 107/123 MP: 0/0
 13507 | Lair:5   | Learned a level 6 spell: Plasma Beam
 13520 | Lair:5   | XOM: 1-stop teleportation journey
 13596 | Lair:5   | Gained mutation: You have a pair of small antennae on your
                  | head. [hidden potential]
 13596 | Lair:5   | Lost mutation: You have hidden genetic potential. [hidden
                  | potential expressed]
 13773 | Lair:5   | XOM: smoke on damage
 13885 | Lair:5   | Identified the +0 robe of the Lion {*Slow rF+ SInv}
 13909 | Lair:5   | XOM: silly message
 14347 | D:12     | XOM: chaos upgrade
 14396 | D:12     | XOM: confusion (+ monsters)
 14491 | D:13     | XOM: summons friendly shadow imp
 14699 | D:12     | Found a staircase to the Orcish Mines.
 14705 | Orc:1    | Entered Level 1 of the Orcish Mines
 14705 | Orc:1    | Found Xaveism's Armour Emporium.
 14708 | Orc:1    | XOM: potion effect (heal wounds)
 14709 | Orc:1    | XOM: silly message
 14724 | Orc:1    | Found Ityv's Assorted Antiques.
 14820 | Orc:1    | Bought a scroll labelled VOLAOM IXOESTRIWK for 32 gold
                  | pieces
 15657 | D:10     | XOM: potion effect (haste)
 15670 | D:10     | Killed zkyp's ghost
 15699 | D:10     | XOM: silly message
 15856 | Orc:2    | Entered Level 2 of the Orcish Mines
 15921 | Orc:2    | Reached XP level 16. HP: 63/133 MP: 0/0
 16000 | Orc:2    | XOM: silly message
 16081 | Orc:2    | XOM: silly message
 16106 | Orc:2    | Found Zenet's Armour Boutique.
 16111 | Orc:2    | Found Utaeseog's Jewellery Shop.
 16112 | Orc:2    | Found Lann's Distillery.
 16113 | Orc:2    | Found Nuekel's Armour Emporium.
 16131 | Orc:2    | Noticed Azrael
 16137 | Orc:2    | Killed Azrael
 16175 | Orc:2    | Bought a +1 cloak of willpower for 231 gold pieces
 16271 | Orc:2    | XOM: silly message
 16327 | Orc:2    | Found a staircase to the Elven Halls.
 16517 | Orc:2    | Found a shimmering altar of Xom.
 17286 | D:13     | XOM: divination: detect creatures
 17333 | D:13     | Found a gate to the Vaults.
 17453 | D:14     | XOM: silly message
 17598 | D:14     | You are sucked into a shaft and drop 1 floor!
 17598 | D:15     | Entered Level 15 of the Dungeon
 17672 | D:15     | Reached skill level 10 in Armour
 17673 | D:15     | XOM: potion effect (haste)
 17674 | D:15     | XOM: potion effect (heal wounds)
 17676 | D:15     | XOM: divination: detect creatures
 17767 | D:15     | XOM: potion effect (attraction)
 17796 | D:15     | Noticed Louise
 17796 | D:15     | XOM: 2-stop teleportation journey
 17801 | D:15     | XOM: cast spell 'Summon Ice Beast'
 17871 | D:14     | XOM: silly message
 17945 | D:14     | Found Aruyxt's Distillery.
 17951 | D:14     | Bought a potion of heal wounds for 80 gold pieces
 17961 | D:14     | Bought a potion of haste for 160 gold pieces
 17970 | D:14     | XOM: silly message
 18019 | D:14     | Found an opulent altar of Gozag.
 18070 | D:14     | Noticed Snorg
 18075 | D:14     | Killed Snorg
 18326 | D:14     | XOM: god gift: crystal whip {god gift}
 18326 | D:14     | Identified the +4 whip of Internal Strife {chaos, Will++
                  | rCorr SInv} (Xom gifted it to you on level 14 of the
                  | Dungeon)
 18495 | D:14     | Reached skill level 1 in Stealth
 18924 | D:15     | Reached XP level 17. HP: 127/141 MP: 0/0
 18924 | D:15     | Learned a level 7 spell: Summon Hydra
 18992 | D:15     | XOM: silly message
 18995 | D:15     | XOM: divination: detect creatures
 19067 | D:15     | XOM: silly message
 19071 | D:15     | XOM: potion effect (berserk rage)
 19080 | D:15     | XOM: potion effect (heal wounds)
 19086 | D:15     | Killed Louise
 19161 | D:15     | XOM: potion effect (curing)
 19169 | D:15     | XOM: cast spell 'Summon Ice Beast'
 19180 | D:15     | XOM: 1-stop teleportation journey
 19313 | D:15     | XOM: silly message
 19322 | D:15     | Identified the +3 sling "Cigit" {drain, Will+}
 19360 | D:15     | Reached skill level 15 in Long Blades
 19361 | D:15     | XOM: divination: detect items
 19384 | D:15     | Noticed a tengu reaver
 19424 | D:15     | Noticed Agnes
 19538 | D:15     | Noticed a tengu reaver
 19621 | D:15     | Found a staircase to the Depths.
 19694 | D:15     | Killed a tengu reaver
 19974 | D:15     | Killed a tengu reaver
 20249 | Shoals:1 | Entered Level 1 of the Shoals
 20249 | Shoals:1 | Noticed Kirke
 20263 | Shoals:1 | Killed Kirke
 20390 | Shoals:1 | Found a runed translucent door.
 20390 | Shoals:1 | XOM: 2-stop teleportation journey
 20393 | Shoals:1 | Found a corrupted altar of Lugonu.
 20417 | Shoals:1 | XOM: cast spell 'Summon Cactus Giant'
 20455 | Shoals:1 | Reached skill level 15 in Fighting
 20462 | Shoals:1 | XOM: 2-stop teleportation journey
 20469 | Shoals:1 | XOM: cleaving
 20732 | Shoals:1 | Identified the +2 ring mail of Binuidao {Harm rElec Dex+2
                  | Stlth-}
 21186 | Lair:2   | XOM: stat loss: -1 Str (12/13)
 21343 | Orc:2    | Bought the +2 buckler "Riludgh" {Stlth+} for 364 gold
                  | pieces
 21410 | D:12     | XOM: give mutations
 21410 | D:12     | Lost mutation: You sometimes lose the ability to read
                  | scrolls when taking damage. [Xom's mischief]
 21410 | D:12     | Gained mutation: You are weak. (Str -2) [Xom's mischief]
 21540 | Shoals:1 | Reached skill level 1 in Shields
 21749 | Shoals:2 | XOM: god gift: +1 triple sword of chaos
 21756 | Shoals:2 | XOM: noise
 21820 | Shoals:2 | XOM: silly message
 21835 | Shoals:2 | XOM: blink monster(s)
 21866 | Shoals:2 | Reached skill level 5 in Shields
 21866 | Shoals:2 | Reached XP level 18. HP: 135/151 MP: 0/0
 21924 | Shoals:2 | XOM: give mutations
 21924 | Shoals:2 | Lost mutation: You are highly strong-willed. (Will++)
                  | [Xom's mischief]
 21924 | Shoals:2 | Lost mutation: Your flesh is almost immune to the effects
                  | of heat. (rF+++) [Xom's mischief]
 22020 | Shoals:2 | XOM: 8-stop teleportation journey
 22563 | Shoals:3 | XOM: polymorph wind drake -> jelly
 22637 | Shoals:3 | XOM: polymorph snapping turtle -> polar bear
 22751 | Shoals:3 | XOM: god gift: pair of glowing gloves {god gift}
 23207 | Shoals:3 | XOM: god gift: shortbow {god gift}
 23343 | Shoals:4 | Entered Level 4 of the Shoals
 23395 | Shoals:4 | XOM: summons 10 friendly demons
 23576 | Shoals:4 | XOM: confuse monster(s)
 23646 | Shoals:4 | XOM: destruction
 23710 | Shoals:4 | XOM: summons 14 friendly demons
 23712 | Shoals:4 | XOM: summons friendly shadow imp
 23721 | Shoals:4 | Identified the +6 scale mail of the Barber Surgeon {Rampage
                  | rElec Will-}
 23874 | Shoals:4 | XOM: enchant monster (good)
 23883 | Shoals:4 | XOM: confuse monster(s)
 24028 | Shoals:4 | Identified the ring "Ighi" {Will+ Stlth+}
 24039 | Shoals:4 | XOM: potion effect (berserk rage)
 24413 | Shoals:4 | XOM: divination: detect items
 24481 | Shoals:4 | XOM: god gift: potion of brilliance
 24569 | Shoals:4 | XOM: summons friendly shadow imp
 24588 | Shoals:4 | XOM: potion effect (invisibility)
 24590 | Shoals:4 | Got a barnacled rune of Zot
 24592 | Shoals:4 | Got an azure gem with 0 turns to spare
 24827 | Shoals:4 | XOM: give mutation
 24827 | Shoals:4 | Gained mutation: You are very robust. (+20% HP) [Xom's
                  | grace]
 24899 | Shoals:1 | XOM: god gift: 41 gold pieces
 25006 | D:11     | XOM: scenery: 1 doors close
 25102 | Vaults:1 | Entered Level 1 of the Vaults
 25181 | Vaults:1 | Reached XP level 19. HP: 110/174 MP: 0/0
 25181 | Vaults:1 | Learned a level 7 spell: Malign Gateway
 25184 | Vaults:1 | XOM: cast spell 'Summon Cactus Giant'
 25379 | Vaults:1 | XOM: divination: magic mapping
 25490 | Vaults:1 | XOM: summons friendly iron imp
 25494 | Vaults:1 | XOM: cast spell 'Summon Ice Beast'
 25795 | Vaults:1 | XOM: summons friendly quasit
 25842 | Vaults:1 | XOM: god gift: scroll of fog
 25860 | Vaults:1 | XOM: god gift: scroll of teleportation
 25962 | Vaults:1 | XOM: scenery: 1 doors close
 26144 | Vaults:1 | XOM: god gift: scroll of torment
 26380 | Vaults:1 | XOM: summons 8 friendly demons
 26490 | Vaults:1 | Found Jagutsul's Weapon Emporium.
 26495 | Vaults:1 | XOM: summons friendly white imp
 26499 | Vaults:1 | XOM: fog
 26802 | Vaults:1 | XOM: divination: detect creatures
 26919 | Vaults:2 | Reached XP level 20. HP: 168/183 MP: 0/0
 27260 | Vaults:2 | You are sucked into a shaft and drop 2 floors!
 27272 | Vaults:4 | XOM: cleaving
 27285 | Vaults:4 | XOM: silly message
 27350 | Vaults:4 | XOM: noise
 27353 | Vaults:4 | Found Gozag's Antique Armour Shoppe.
 27358 | Vaults:4 | Found an opulent altar of Gozag.
 27361 | Vaults:4 | Found Gozag's Assorted Antiques.
 27377 | Vaults:4 | XOM: noise
 27505 | Vaults:4 | Found Gozag's Antique Armour Emporium.
 27509 | Vaults:4 | XOM: 5-stop teleportation journey
 27658 | Vaults:4 | XOM: swap monsters
 27866 | Vaults:4 | XOM: confusion (+ monsters)
 27867 | Vaults:4 | XOM: give mutation
 27867 | Vaults:4 | Lost mutation: You are agile. (Dex +4, Str/Int -1) [Xom's
                  | mischief]
 28021 | Vaults:3 | XOM: divination: detect items
 28079 | Vaults:3 | Noticed Zenata
 28328 | Vaults:2 | Reached skill level 15 in Spellcasting
 28328 | Vaults:2 | Reached skill level 15 in Conjurations
 28328 | Vaults:2 | Reached skill level 15 in Hexes
 28328 | Vaults:2 | Reached skill level 15 in Summonings
 28328 | Vaults:2 | Reached skill level 15 in Necromancy
 28328 | Vaults:2 | Reached skill level 15 in Translocations
 28328 | Vaults:2 | Reached skill level 15 in Fire Magic
 28328 | Vaults:2 | Reached skill level 15 in Ice Magic
 28328 | Vaults:2 | Reached skill level 15 in Air Magic
 28328 | Vaults:2 | Reached skill level 15 in Earth Magic
 28328 | Vaults:2 | Reached skill level 15 in Alchemy
 28332 | Vaults:2 | XOM: cast spell 'Iskenderun's Battlesphere'
 28453 | Vaults:2 | XOM: divination: detect creatures
 28591 | D:12     | XOM: silly message
 28732 | Spider:1 | XOM: stealth player
 28732 | Spider:1 | Entered Level 1 of the Spider Nest
 28847 | Lair:3   | XOM: god gift: scroll of fear
 28900 | Spider:1 | XOM: noise
 28904 | Spider:1 | Reached XP level 21. HP: 152/195 MP: 0/0
 28904 | Spider:1 | Learned a level 8 spell: Lehudib's Crystal Spear
 28910 | Lair:3   | XOM: enchant monster (bad)
 29140 | Spider:1 | XOM: blink monster(s)
 29143 | Lair:3   | XOM: enchant monster (good)
 29153 | Lair:3   | XOM: noise
 29460 | Spider:2 | Identified the +8 chain mail of the Gastropod {Rampage rC+
                  | Str-5 Dex+4}
 29592 | Spider:2 | XOM: blink monster(s)
 29595 | Spider:2 | XOM: 1-stop teleportation journey
 29632 | Spider:2 | Noticed Arachne
 29644 | Spider:2 | XOM: summons friendly shadow imp
 29741 | Spider:2 | XOM: noise
 29784 | Spider:2 | Killed Arachne
 29860 | Spider:2 | XOM: fog
 29964 | Spider:2 | XOM: god gift: ring of protection from cold
 30000 | Spider:2 | XOM: polymorph jumping spider -> acid dragon
 30332 | Spider:3 | XOM: 1-stop teleportation journey
 30407 | Spider:3 | Found a runed translucent door.
 30407 | Spider:3 | Noticed vbillard's ghost (adept DECj)
 30579 | Spider:4 | Entered Level 4 of the Spider Nest
 30589 | Spider:4 | XOM: divination: magic mapping
 30738 | Spider:3 | Identified the staff of the Hated {rN+ Dex+3 Necro}
 30853 | Spider:3 | XOM: god gift: ring of protection from cold
 30922 | Spider:3 | XOM: scenery: create altars
 30943 | Spider:3 | XOM: give mutation
 30943 | Spider:3 | Gained mutation: You are covered in fur. (AC +1) [Xom's
                  | grace]
 31158 | Spider:3 | XOM: give mutations
 31158 | Spider:3 | Gained mutation: You have sharp fingernails. [Xom's grace]
 31158 | Spider:3 | Gained mutation: You possess an exceptional clarity of
                  | mind. [Xom's grace]
 31283 | Spider:4 | XOM: scenery: create altars
 31350 | Spider:4 | XOM: summons 3 hostile shadow creatures
 31462 | Spider:4 | XOM: summons 5 friendly demons
 31465 | Spider:4 | XOM: blink monster(s)
 31642 | Spider:4 | XOM: silly message
 31668 | Spider:4 | XOM: 3-stop teleportation journey
 31843 | Spider:4 | Identified the ring "Leib" {Fly rC+ Will++}
 31926 | Spider:4 | XOM: scenery: create altars
 31935 | Spider:4 | XOM: enchant monster (good)
 32326 | Spider:4 | XOM: god gift: 49 gold pieces
 32330 | Spider:4 | Got a gossamer rune of Zot
 32828 | Elf:1    | Entered Level 1 of the Elven Halls
 32884 | Elf:1    | XOM: scenery: create altars
 32885 | Elf:1    | Paralysed by an air elemental for 1 turns
 32890 | Elf:1    | XOM: scenery: create altars
 32926 | Elf:1    | Reached XP level 22. HP: 62/204 MP: 0/0
 32929 | Elf:1    | Found Jukenul's Jewellery Emporium.
 32931 | Elf:1    | Found Ligrac's Book Boutique.
 32932 | Elf:1    | Found Gurur's Jewellery Emporium.
 32961 | Elf:1    | XOM: give mutation
 32961 | Elf:1    | Gained mutation: You are extremely robust. (+30% HP) [Xom's
                  | grace]
 33067 | Elf:1    | Acquired the +2 hat of the Spider Nest {Slay+2 Stlth+}
 33092 | Elf:1    | Identified the +0 leather armour of Redaxy {rC+ Stlth+}
 33096 | Elf:1    | XOM: fog
 33196 | Elf:1    | Found a crumbling gateway.
 33218 | Desolati | Entered the Desolation of Salt
 33220 | Desolati | XOM: give mutations
 33220 | Desolati | Gained mutation: Your flesh is almost immune to the effects
                  | of heat. (rF+++) [Xom's grace]
 33358 | Desolati | XOM: divination: detect items
 33624 | Desolati | Identified the amulet "Deutot" {Spirit rElec rN+ Dex+3
                  | Stlth+}
 33639 | Desolati | Identified the ring of Ehydetie {rC+ Will- rCorr Str+6
                  | Int+2}
 33641 | Desolati | Identified the +0 buckler "Goat" {rF+}
 33671 | Desolati | Identified the +12 ice dragon scales "Iddiumyi" {rF- rC++
                  | Dex+7}
 33705 | Desolati | XOM: silly message
 33709 | Desolati | Identified the +7 long sword of Arrival {pain, rF+}
 33835 | Desolati | XOM: potion effect (haste)
 33896 | Desolati | XOM: 6-stop teleportation journey
 33912 | Desolati | XOM: summons 7 friendly demons
 34084 | Desolati | Identified the ring "Pafool" {Fly rN+ AC+4}
 34268 | Desolati | XOM: give mutation
 34268 | Desolati | Lost mutation: You have supernaturally acute eyesight.
                  | (SInv) [Xom's mischief]
 34331 | Desolati | Identified the +5 quarterstaff of Puwetai {flame, Will+}
 34333 | Desolati | Identified the +8 spear of the Tiger {flame, rF+ rC+}
 34468 | Elf:1    | XOM: give mutation
 34468 | Elf:1    | Gained mutation: You have supernaturally acute eyesight.
                  | (SInv) [Xom's grace]
 34786 | Elf:2    | Found Qerewn's Distillery.
 34797 | Elf:2    | Bought a potion of resistance for 160 gold pieces
 34797 | Elf:2    | Bought a potion of curing for 48 gold pieces
 34822 | Elf:3    | Entered Level 3 of the Elven Halls
 34832 | Elf:3    | XOM: potion effect (might)
 34985 | Elf:3    | XOM: give mutations
 34985 | Elf:3    | Gained mutation: Your spells are a little harder to cast,
                  | but a little more powerful. [Xom's grace]
 34985 | Elf:3    | Lost mutation: You are weak. (Str -2) [Xom's grace]
 34985 | Elf:3    | Gained mutation: You have hidden genetic potential. [Xom's
                  | grace]
 34985 | Elf:3    | Gained mutation: You have great hidden genetic potential.
                  | [Xom's grace]
 35030 | Elf:3    | XOM: god gift: 799 gold pieces
 35091 | Elf:3    | XOM: 9-stop teleportation journey
 35227 | Elf:3    | XOM: polymorph deep elf death mage -> anaconda
 35308 | Elf:3    | Reached skill level 15 in Armour
 35314 | Elf:3    | XOM: potion effect (heal wounds)
 35370 | Elf:3    | XOM: destruction
 35438 | Elf:3    | XOM: silly message
 35450 | Elf:3    | XOM: cast spell 'Summon Ice Beast'
 35499 | Elf:3    | Got a shimmering gem with 411 turns to spare
 35597 | Elf:3    | Identified the +4 barding "Qeuptot" {Harm Will+ Int+2 SInv}
 35629 | Elf:3    | Identified the +1 scale mail of Salvation {MP+9}
 35664 | Elf:3    | XOM: noise
 35738 | Elf:2    | XOM: enchant monster (bad)
 35754 | Elf:2    | XOM: enchant monster (good)
 35782 | Elf:2    | XOM: give mutations
 35782 | Elf:2    | Lost mutation: You are very vulnerable to cold. (rC--)
                  | [Xom's mischief]
 35782 | Elf:2    | Lost mutation: You are extremely robust. (+30% HP) [Xom's
                  | mischief]
 35782 | Elf:2    | Lost mutation: You are covered in fur. (AC +1) [Xom's
                  | mischief]
 35782 | Elf:2    | Lost mutation: You are partially covered in iridescent
                  | scales. (AC +2) [Xom's mischief]
 35814 | Elf:2    | Reached XP level 23. HP: 157/214 MP: 0/0
 35814 | Elf:2    | Learned a level 8 spell: Maxwell's Capacitive Coupling
 35871 | Elf:1    | XOM: silly message
 35885 | Elf:2    | XOM: divination: magic mapping
 35908 | Elf:2    | Found Kogriy's Weapon Shop.
 36431 | Vaults:2 | XOM: summons 6 hostile demons
 36440 | Vaults:2 | XOM: summons 3 hostile shadow creatures
 36739 | Vaults:2 | Found a runed translucent gate.
 36739 | Vaults:2 | Found a runed translucent gate.
 36739 | Vaults:2 | Found a runed translucent gate.
 36758 | Vaults:2 | XOM: give mutation
 36758 | Vaults:2 | Lost mutation: You are very robust. (+20% HP) [Xom's
                  | mischief]
 36861 | Vaults:2 | XOM: potion effect (haste)
 36909 | Vaults:2 | XOM: blink monster(s)
 36922 | Vaults:2 | XOM: polymorph vault sentinel -> ribbon worm
 36928 | Vaults:2 | XOM: noise
 37052 | Vaults:2 | Identified the +1 scale mail of the Morning {rF+ Str+3
                  | SInv}
 37138 | Vaults:2 | XOM: noise
 37144 | Vaults:2 | XOM: silly message
 37462 | Vaults:3 | XOM: polymorph dryad -> shock serpent
 37682 | Vaults:3 | Found a staircase to the Crypt.
 37682 | Vaults:3 | Found a basalt altar of Yredelemnul.
 38048 | Vaults:3 | Killed Zenata
 39075 | Vaults:4 | XOM: divination: detect creatures
 39783 | Vaults:1 | XOM: torment (109/196 hp)
 39957 | Vaults:1 | XOM: scenery: summon butterflies
 40153 | D:15     | XOM is BORED!
 40186 | D:15     | Killed Agnes
 40405 | Depths:1 | Entered Level 1 of the Depths
 40413 | Depths:1 | XOM: god gift: 43 gold pieces
 40431 | Depths:1 | XOM: polymorph glowing orange brain -> unseen horror
 40449 | Depths:1 | XOM: polymorph deep troll earth mage -> troll
 40678 | Depths:1 | XOM: enchant monster (good)
 40706 | Depths:1 | Noticed Saint Roka
 40712 | Depths:1 | Reached XP level 24. HP: 154/203 MP: 0/0
 40726 | Depths:1 | Killed Saint Roka
 40785 | Depths:1 | XOM: give mutations
 40785 | Depths:1 | Lost mutation: You have great hidden genetic potential.
                  | [Xom's grace]
 40785 | Depths:1 | Lost mutation: You have hidden genetic potential. [Xom's
                  | grace]
 40785 | Depths:1 | Gained mutation: You are somewhat resistant to further
                  | mutation. [Xom's grace]
 40785 | Depths:1 | Gained mutation: You are agile. (Dex +4, Str/Int -1) [Xom's
                  | grace]
 40807 | Depths:1 | Found a magical portal.
 40832 | WizLab   | Entered Doroklohe's Tomb
 41043 | WizLab   | Noticed a royal mummy
 41056 | WizLab   | XOM: destruction
 41059 | WizLab   | Killed a royal mummy
 41062 | WizLab   | XOM: fog
 41109 | WizLab   | XOM: silly message
 41167 | WizLab   | XOM: cloud trail
 41198 | WizLab   | XOM: scenery: create altars
 41296 | WizLab   | XOM: 9-stop teleportation journey
 41375 | WizLab   | XOM: divination: magic mapping
 41536 | Depths:1 | Noticed Asterion
 41545 | Depths:1 | Killed Asterion
 41850 | Depths:1 | XOM: scenery: create altars
 41886 | Depths:1 | XOM: give mutations
 41886 | Depths:1 | Gained mutation: Your muscles are strong. (Str +4, Int/Dex
                  | -1) [Xom's grace]
 41886 | Depths:1 | Gained mutation: You have a somewhat thin skeletal
                  | structure. (Dex +2, Stealth+) [Xom's grace]
 42016 | Depths:1 | Found a gateway to Hell.
 42173 | Depths:2 | XOM: stealth player
 42220 | Depths:2 | XOM: scenery: 2 doors close
 42223 | Depths:2 | XOM: summons friendly white imp
 42393 | Depths:2 | XOM: 1-stop teleportation journey
 42435 | Depths:2 | XOM: confuse monster(s)
 42550 | Depths:2 | XOM: potion effect (haste)
 42555 | Depths:2 | XOM: polymorph dryad -> glowing shapeshifter
 42687 | Depths:2 | Found Ranu's General Store.
 42709 | Depths:2 | Bought a wand of roots (4) for 124 gold pieces
 42709 | Depths:2 | Bought a potion of mutation for 104 gold pieces
 42917 | Depths:2 | Found a one-way gate leading to the halls of Pandemonium.
 43081 | Depths:2 | XOM: cloud trail
 43317 | Depths:2 | XOM: torment (113/203 hp)
 43592 | Depths:3 | XOM: summons 4 hostile shadow creatures
 43669 | Depths:3 | XOM: give mutations
 43669 | Depths:3 | Lost mutation: Your mind is acute. (Int +4, Str/Dex -1)
                  | [Xom's mischief]
 43669 | Depths:3 | Lost mutation: You have a somewhat thin skeletal structure.
                  | (Dex +2, Stealth+) [Xom's mischief]
 44059 | Depths:3 | XOM: summons 10 hostile demons
 44320 | Depths:3 | XOM: 1-stop teleportation journey
 44529 | Depths:3 | Identified the +7 quarterstaff of the Badger {speed, ^Drain
                  | rCorr Int+3 Stlth+}
 44583 | Depths:3 | XOM: divination: detect creatures
 44621 | Depths:3 | XOM: silly message
 44697 | Depths:4 | Entered Level 4 of the Depths
 44722 | Depths:4 | XOM: potion effect (attraction)
 44886 | Depths:4 | XOM: silly message
 44894 | Depths:4 | XOM: potion effect (brilliance)
 44977 | Depths:4 | Found a one-way gateway to a ziggurat.
 45004 | Depths:4 | Noticed a caustic shrike
 45012 | Depths:4 | Killed a caustic shrike
 45108 | Depths:4 | Found a runed translucent door.
 45175 | Depths:4 | XOM: silly message
 45478 | Depths:4 | Noticed a golden dragon
 45485 | Depths:4 | Killed a golden dragon
 45550 | Depths:4 | Reached XP level 25. HP: 184/211 MP: 0/0
 45550 | Depths:4 | Learned a level 9 spell: Fire Storm
 45628 | Depths:4 | XOM: noise
 45975 | Depths:4 | XOM: silly message
 46285 | Depths:4 | Found a gate to the Realm of Zot.
 46363 | Depths:4 | Identified the +1 chain mail of Ylicuypa {rElec}
 46393 | Depths:4 | Noticed the Enchantress
 46403 | Depths:4 | XOM: silly message
 46405 | Depths:4 | Killed the Enchantress
 46568 | Depths:4 | XOM: cloud trail
 46949 | Depths:3 | XOM: divination: detect items
 47041 | Depths:3 | XOM: divination: detect creatures
 47164 | Depths:3 | XOM: divination: detect items
 47284 | Depths:3 | Found the +3 salamander hide armour {Flames, rFlCloud rF++
                  | rC--}
 47363 | Depths:3 | Noticed Grunn
 47369 | Depths:3 | Killed Grunn
 47600 | Depths:2 | Noticed an ancient lich
 47605 | Depths:3 | Killed an ancient lich
 47624 | Depths:2 | XOM: potion effect (haste)
 47625 | Depths:2 | XOM: potion effect (haste)
 47628 | Depths:2 | XOM: noise
 48199 | Vaults:2 | Found a glowing golden altar of the Shining One.
 48216 | Vaults:2 | XOM: noise
 48390 | D:13     | XOM: cloud trail
 48582 | Slime:1  | Entered Level 1 of the Pits of Slime
 48586 | Slime:1  | XOM: divination: detect items
 48615 | Slime:1  | XOM: cloud trail
 48626 | Slime:2  | XOM: potion effect (brilliance)
 48632 | Slime:2  | XOM: summons 2 friendly demons
 48700 | Slime:2  | XOM: god gift: bloodstained shortbow {god gift}
 48700 | Slime:2  | Identified the +5 shortbow of Wuzugum {heavy, rC- rN+ rCorr
                  | Dex+3} (Xom gifted it to you on level 2 of the Pits of
                  | Slime)
 48880 | Slime:3  | XOM: 1-stop teleportation journey
 48881 | Slime:3  | Found a viscous altar of Jiyva.
 48888 | Slime:3  | XOM: divination: magic mapping
 49215 | Slime:1  | XOM: summons friendly crimson imp
 49223 | Slime:1  | XOM: summons friendly quasit
 49229 | Slime:1  | XOM: enchant monster (good)
 49247 | Slime:1  | XOM: summons friendly quasit
 49453 | Slime:1  | XOM: scenery: create altars
 49565 | Slime:4  | XOM: god gift: 992 gold pieces
 49574 | Slime:4  | Gained mutation: You sometimes lose the ability to read
                  | scrolls when taking damage. [a shining eye]
 49578 | Slime:4  | XOM: confuse monster(s)
 49583 | Slime:4  | Reached XP level 26. HP: 196/217 MP: 0/0
 49658 | Slime:5  | Entered Level 5 of the Pits of Slime
 50179 | Slime:5  | XOM: give mutations
 50179 | Slime:5  | Lost mutation: You have sharp fingernails. [Xom's mischief]
 50179 | Slime:5  | Lost mutation: You are robust. (+10% HP) [Xom's mischief]
 50187 | Slime:5  | Noticed the Royal Jelly
 50197 | Slime:5  | XOM: divination: detect items
 50201 | Slime:5  | XOM: noise
 50203 | Slime:5  | Killed the Royal Jelly
 50211 | Slime:5  | XOM: confuse monster(s)
 50236 | Slime:5  | XOM: cast spell 'Animate Armour'
 50249 | Slime:5  | XOM: 7-stop teleportation journey
 50321 | Slime:5  | Got a slimy rune of Zot
 50355 | Slime:5  | Identified the amulet of Aschaghuw {Faith rElec rF+}
 50357 | Slime:5  | Identified the ring "Famynu" {Ice Str+6}
 50360 | Slime:5  | Identified the +0 robe of Biwas {rElec Stlth+}
 50928 | Lair:3   | XOM: cloud trail
 51214 | Zot:1    | Entered Level 1 of the Realm of Zot
 51231 | Zot:1    | XOM: potion effect (haste)
 51272 | Depths:4 | XOM: scenery: 12 doors close
 51316 | Depths:4 | XOM: god gift: wand of flame (14)
 51535 | D:14     | XOM: 1-stop teleportation journey
 51562 | D:14     | Bought a potion of curing for 48 gold pieces
 51562 | D:14     | Bought a potion of mutation for 128 gold pieces
 51562 | D:14     | Bought 2 potions of curing for 96 gold pieces
 51562 | D:14     | Bought a potion of berserk rage for 80 gold pieces
 51646 | Orc:2    | Bought a potion of might for 64 gold pieces
 51646 | Orc:2    | Bought a potion of enlightenment for 80 gold pieces
 51646 | Orc:2    | Bought 2 potions of curing for 96 gold pieces
 51646 | Orc:2    | Bought a potion of brilliance for 64 gold pieces
 51755 | D:12     | XOM: scenery: 1 doors close
 51797 | D:10     | Bought a potion of mutation for 112 gold pieces
 51797 | D:10     | Bought a potion of ambrosia for 112 gold pieces
 51797 | D:10     | Bought a potion of mutation for 112 gold pieces
 51797 | D:10     | Bought 2 potions of resistance for 280 gold pieces
 51995 | Spider:3 | Killed vbillard's ghost
 52074 | Spider:1 | Identified the +0 leather armour "Leat" {rPois rCorr Str+6
                  | Slay-6}
 52112 | Spider:1 | XOM: divination: magic mapping
 52123 | Spider:1 | XOM: divination: detect creatures
 52764 | Zig:1    | Entered Level 1 of a ziggurat
 52788 | Zig:1    | XOM: divination: magic mapping
 52789 | Zig:2    | Entered Level 2 of a ziggurat
 52804 | Zig:3    | Entered Level 3 of a ziggurat
 52909 | Zig:4    | XOM: noise
 52909 | Zig:4    | Entered Level 4 of a ziggurat
 52915 | Zig:5    | Entered Level 5 of a ziggurat
 53080 | Zig:6    | Entered Level 6 of a ziggurat
 53085 | Zig:6    | Noticed an ancient lich
 53085 | Zig:6    | Noticed a dread lich
 53091 | Zig:6    | Killed an ancient lich
 53096 | Zig:6    | Killed a dread lich
 53146 | Zig:7    | Entered Level 7 of a ziggurat
 53152 | Zig:7    | Noticed Cirrugy the pandemonium lord
 53165 | Zig:7    | Killed Cirrugy the pandemonium lord
 53249 | Zig:7    | XOM: silly message
 53296 | Zig:8    | Entered Level 8 of a ziggurat
 53339 | Zig:8    | Identified the ring "Jenn" {rF+++ rC+ rN+ Str-4}
 53343 | Zig:8    | Identified the +9 spear "Beast's Demise" {freeze, Will+
                  | rCorr}
 53351 | Zig:9    | Entered Level 9 of a ziggurat
 53513 | Zig:9    | Identified the ring "Juydism" {Fly rPois rC+ Int-2 Dex+4}
 53515 | Zig:10   | Entered Level 10 of a ziggurat
 53525 | Zig:10   | XOM: potion effect (might)
 53549 | Zig:10   | Reached XP level 27. HP: 135/203 MP: 0/0
 53549 | Zig:10   | Learned a level 9 spell: Polar Vortex
 53575 | Zig:10   | Identified the ring of Mistrust {rPois rC+ rN+}
 53642 | Zig:10   | XOM: silly message
 53679 | Zig:11   | Entered Level 11 of a ziggurat
 53895 | Zig:12   | Entered Level 12 of a ziggurat
 53903 | Zig:12   | Noticed a royal mummy
 53914 | Zig:12   | Killed a royal mummy
 53919 | Zig:12   | Noticed a royal mummy
 53919 | Zig:12   | Noticed a royal mummy
 53924 | Zig:12   | Noticed a royal mummy
 53930 | Zig:12   | XOM: cast spell 'Summon Small Mammal'
 53944 | Zig:12   | Killed a royal mummy
 53944 | Zig:12   | Killed a royal mummy
 53944 | Zig:12   | Killed a royal mummy
 53946 | Zig:12   | XOM: polymorph bennu -> stone giant
 53961 | Zig:12   | XOM: draining
 53970 | Zig:12   | Identified the ring of Xom's Whimsicality {Fire Will+ Str+3
                  | Int+3}
 54024 | Depths:4 | XOM: give mutations
 54024 | Depths:4 | Lost mutation: Your body sometimes deteriorates upon taking
                  | damage. [Xom's mischief]
 54024 | Depths:4 | Lost mutation: You are somewhat resistant to further
                  | mutation. [Xom's mischief]
 54024 | Depths:4 | Lost mutation: You have a pair of small antennae on your
                  | head. [Xom's mischief]
 54210 | Depths:4 | XOM: give mutations
 54210 | Depths:4 | Gained mutation: Your mind is acute. (Int +4, Str/Dex -1)
                  | [Xom's grace]
 54210 | Depths:4 | Gained mutation: You have a pair of small horns on your
                  | head. [Xom's grace]
 54269 | Zot:1    | XOM: cast spell 'Iskenderun's Battlesphere'
 54271 | Zot:1    | XOM: god gift: 30 gold pieces
 54403 | Zot:1    | XOM: cloud trail
 54433 | Zot:1    | XOM: scenery: create altars
 54538 | Zot:1    | XOM: god gift: scroll of immolation
 54820 | Zot:1    | XOM: destruction
 54826 | Zot:1    | Noticed Parghit
 54838 | Zot:1    | Killed Parghit
 54863 | Zot:1    | XOM: divination: detect items
 54974 | Zot:1    | XOM: 4-stop teleportation journey
 54975 | Zot:1    | You are sucked into a shaft and drop 1 floor!
 54975 | Zot:2    | Noticed a Killer Klown
 54975 | Zot:2    | Noticed a Killer Klown
 54975 | Zot:2    | Noticed an orb of fire
 55220 | Zot:3    | XOM: cast spell 'Death Channel'
 55405 | Zot:3    | Noticed a Killer Klown
 55407 | Zot:3    | Noticed an orb of fire
 55419 | Zot:3    | Killed a Killer Klown
 55423 | Zot:3    | XOM: cast spell 'Summon Hydra'
 55872 | Zot:2    | XOM: summons friendly shadow imp
 55880 | Zot:3    | Killed an orb of fire
 56059 | Zot:4    | XOM: potion effect (invisibility)
 56071 | Zot:4    | XOM: swap monsters
 56081 | Zot:4    | XOM: summons 11 hostile demons
 56125 | Zot:4    | XOM: polymorph moth of wrath -> sun moth
 56192 | Zot:5    | Entered Level 5 of the Realm of Zot
 56225 | Zot:5    | XOM: chaos cloud
 56301 | Zot:4    | XOM: give mutation
 56301 | Zot:4    | Lost mutation: You have supernaturally acute eyesight.
                  | (SInv) [Xom's mischief]
 56567 | Zot:2    | XOM: confuse monster(s)
 56572 | Zot:2    | Killed a Killer Klown
 56574 | Zot:2    | XOM: cleaving
 56575 | Zot:2    | Killed a Killer Klown
 56590 | Zot:2    | Reached skill level 5 in Stealth
 56748 | Zot:2    | XOM: cloud trail
 56774 | Zot:2    | XOM: 5-stop teleportation journey
 56850 | Zot:2    | XOM: summons friendly white imp
 56855 | Zot:2    | XOM: fake destruction
 57208 | Zot:2    | XOM: divination: detect creatures
 57493 | Zot:2    | XOM: 1-stop teleportation journey
 57504 | Zot:2    | XOM: divination: detect items
 57509 | Zot:2    | XOM: cast spell 'Malign Gateway'
 57556 | Zot:2    | XOM: 1-stop teleportation journey
 57564 | Zot:2    | XOM: 1-stop teleportation journey
 57725 | Zot:1    | XOM: polymorph frost giant -> frost giant
 57818 | Zot:1    | XOM: enchant monster (good)
 57823 | Zot:1    | XOM: divination: detect creatures
 58259 | Zot:1    | XOM: confuse monster(s)
 58273 | Zot:1    | XOM: cast spell 'Fugue of the Fallen'
 58295 | Zot:2    | XOM: god gift: potion of curing
 58420 | Zot:1    | XOM: cast spell 'Cause Fear'
 58819 | Zot:1    | XOM: cloud trail
 59578 | Zot:3    | Killed an orb of fire
 59772 | Zot:4    | XOM: confuse monster(s)
 59778 | Zot:4    | XOM: enchant monster (good)
 59783 | Zot:4    | XOM: enchant monster (bad)
 59797 | Zot:4    | XOM: divination: detect creatures
 60205 | Zot:4    | XOM: silly message
 60247 | Zot:4    | XOM: enchant monster (good)
 60580 | Zot:4    | XOM: 3-stop teleportation journey
 61338 | Zot:4    | XOM: god gift: wand of acid (3)
 61543 | Zot:4    | Found a faded altar of an unknown god.
 61931 | Zot:3    | XOM: silly message
 62156 | Zot:3    | XOM: cloud trail
 62325 | Zot:3    | XOM: scenery: summon butterflies
 62365 | Zot:3    | XOM: cloud trail
 62478 | Zot:3    | XOM: cloud trail
 62489 | Zot:3    | XOM: noise
 62686 | Zot:3    | XOM: divination: detect items
 62710 | Zot:3    | Identified the ring "Hiefae Nydo" {Fly rN+ rCorr Dex+6}
 62785 | Zot:3    | XOM: scenery: create altars
 62835 | Zot:3    | XOM: summons 2 hostile demons
 62841 | Zot:3    | XOM: 1-stop teleportation journey
 62962 | Zot:3    | XOM: 1-stop teleportation journey
 62976 | Zot:3    | XOM: god gift: runed scale mail {god gift}
 63065 | Zot:3    | XOM: cleaving
 63066 | Zot:3    | XOM: potion effect (haste)
 63314 | Zot:5    | Noticed a Killer Klown
 63317 | Zot:5    | Killed a Killer Klown
 63318 | Zot:5    | Reached skill level 5 in Throwing
 63605 | Zot:5    | Noticed a dread lich
 63618 | Zot:5    | Noticed an ancient lich
 63620 | Zot:5    | XOM: cast spell 'Metabolic Englaciation'
 63620 | Zot:5    | Noticed an orb of fire
 63625 | Zot:5    | Killed a dread lich
 63635 | Zot:5    | XOM: confuse monster(s)
 63636 | Zot:5    | Killed an orb of fire
 63655 | Zot:5    | Killed an ancient lich
 63668 | Zot:5    | Noticed a dread lich
 63967 | Zot:5    | Killed a dread lich
 64003 | Zot:5    | Noticed a dread lich
 64004 | Zot:5    | XOM: fake destruction
 64005 | Zot:5    | Noticed an ancient lich
 64005 | Zot:5    | Noticed an orb of fire
 64006 | Zot:5    | Noticed an orb of fire
 64015 | Zot:5    | Killed a dread lich
 64019 | Zot:5    | Noticed a Killer Klown
 64022 | Zot:5    | Killed an orb of fire
 64022 | Zot:5    | XOM: destruction
 64031 | Zot:5    | Killed an orb of fire
 64031 | Zot:5    | Noticed a Killer Klown
 64041 | Zot:5    | Killed an ancient lich
 64303 | Zot:5    | Noticed a dread lich
 64306 | Zot:5    | XOM: summons friendly quasit
 64313 | Zot:5    | Killed a dread lich
 64317 | Zot:5    | Killed a Killer Klown
 64418 | Zot:5    | XOM: give mutations
 64418 | Zot:5    | Gained mutation: You have a somewhat thin skeletal
                  | structure. (Dex +2, Stealth+) [Xom's grace]
 64418 | Zot:5    | Gained mutation: You have a moderately thin skeletal
                  | structure. (Dex +4, Stealth++) [Xom's grace]
 64418 | Zot:5    | Gained mutation: You are resistant to electric shocks.
                  | (rElec) [Xom's grace]
 64432 | Zot:5    | XOM: enchant monster (good)
 64464 | Zot:5    | Noticed a dread lich
 64466 | Zot:5    | Killed a Killer Klown
 64466 | Zot:5    | Noticed a Killer Klown
 64472 | Zot:5    | Killed a dread lich
 64472 | Zot:5    | Killed a Killer Klown
 65045 | Zot:5    | XOM: noise
 65064 | Zot:5    | Got the Orb of Zot
 65087 | Zot:5    | XOM: enchant monster (bad)
 65098 | Zot:5    | Noticed Fapseih the pandemonium lord
 65137 | Zot:2    | Noticed a seraph
 65138 | Zot:2    | XOM: god gift: potion of heal wounds
 65283 | Depths:1 | XOM: noise
 65408 | D:11     | XOM: give mutations
 65408 | D:11     | Lost mutation: You are agile. (Dex +4, Str/Int -1) [Xom's
                  | mischief]
 65408 | D:11     | Lost mutation: You have a pair of small horns on your head.
                  | [Xom's mischief]
 65408 | D:11     | Lost mutation: Your spells are a little harder to cast, but
                  | a little more powerful. [Xom's mischief]
 65503 | D:6      | Noticed Suhix the pandemonium lord
 65511 | D:6      | XOM: polymorph Suhix -> Suhix
 65522 | D:6      | Killed Suhix the pandemonium lord
 65645 | D:4      | XOM: confuse monster(s)
 65658 | D:3      | Noticed a seraph
 65665 | D:3      | Killed a seraph
 65820 | D:1      | XOM: scenery: summon butterflies
 65829 | D:$      | Escaped with the Orb!

Illustrated notes

Levels and vault maps discovered:
D:1:      dpeg_arrival_circle_labyrinth_c, layout_basic,
          amcnicky_mini_pool_small, chequers_serial_rivers_small_3,
          chequers_serial_rivers_room_b, st_stairs_13
D:2:      layout_loops_cross, hangedman_decor_growths
D:3:      layout_basic, grunt_temple_overflow_open, hex_medium, uniq_sigmund
D:4:      layout_cave_pods, temple_green
D:5:      layout_rooms, serial_corexii_hall, corexii_hall_statues_i,
          corexii_hall_statues_i
D:6:      layout_layer_cave, vehumet_crystals
D:7:      layout_basic, gammafunk_ghost_abyssal_escape, uniq_maurice
D:8:      layout_loops_ring, grunt_ministairs_2
D:9:      layout_roguey [special_room_kobold], nemelex_xobeh_ov_fountains_minmay
D:10:     layout_basic, amcnicky_altar_gilded, biasface_ghost_orc_armoury,
          serial_shops, shop, kennysheep_generic_room_7, uniq_maggie, uniq_urug,
          uniq_psyche
D:11:     layout_irregular_city, dpeg_lair_monsters, nicolae_uskayaw_dance_hall
D:12:     layout_roguey, orc_0_dummy
D:13:     layout_long_grid, grunt_vaults_entry_fortified
D:14:     layout_roguey, nicolae_gozag_seed_capital, serial_shops,
          nicolae_shop_peninsula, uniq_snorg
D:15:     hangedman_depths_entry_civil_slaughter, layout_basic,
          chequers_serial_rivers_small_a, nicolae_rejected_hall, uniq_louise,
          uniq_agnes
Temple:   bh_familiar_temple
Lair:1:   layout_roguey
Lair:2:   layout_chaotic_city, mainiacjoe_shoals_entry_four_pools, basic_altar,
          hellmonk_guarded_unrand_vines
Lair:3:   layout_small_grid, nicolae_spider_entry_lesser_pyramids
Lair:4:   nzn_winding_woodlands_large [nzn_winding_woodlands_5x5_cross,
          nzn_winding_woodlands_5x15_zeroes,
          nzn_winding_woodlands_5x5_checkerboard,
          nzn_winding_woodlands_center_triple_pond,
          nzn_winding_woodlands_15x15_thick_spiral,
          nzn_winding_woodlands_center_diamonds,
          nzn_winding_woodlands_5x5_closed_star,
          nzn_winding_woodlands_5x15_jagged, nzn_winding_woodlands_hourglass],
          layout_layer_cave, slime_entry_1, nzn_sisyphean_effort, uniq_rupert
Lair:5:   gammafunk_lair_ancient_temple, layout_concentric_octagons
Shoals:1: nicolae_shoals_aurelia_aurita, layout_shoals,
          nicolae_shoals_abyss_on_the_beach, uniq_kirke
Shoals:2: layout_shoals, hangedman_shoals_cup_caves
Shoals:3: layout_shoals, nicolae_shoals_circle_sea_wall, ldierk_geyser
Shoals:4: shoals_end_simple, layout_shoals
Spider:1: layout_spider_delve
Spider:2: layout_spider_delve, uniq_arachne
Spider:3: layout_chambers, hellmonk_ghost_happy_afterlife
Spider:4: guppyfry_spider_rune, hangedman_spider_tarantella_strand
Slime:1:  layout_caves, basic_altar
Slime:2:  layout_caves
Slime:3:  layout_caves, basic_altar
Slime:4:  layout_caves, nicolae_slime_ancient_tower_intersection
Slime:5:  slime_pit_nicolae_royal_road_to_ruin
Orc:1:    layout_diamond_mine, basic_altar, guppyfry_orc_lava_fort
Orc:2:    st_orc_open, layout_caves, regret_index_xom_of_box, uniq_azrael
Elf:1:    eino_elf_arrival_shootout, layout_loops_ring,
          portal_desolation_entry_twin_temple, minivault_28, minmay_shop_grove,
          lemuel_upstairs_altar
Elf:2:    nicolae_elf_blades_crystal_corner, layout_onion_city, serial_shops,
          shop, nicolae_shop_statue_plus, nicolae_shop_tiny_glass,
          nicolae_concentric_dashed_squares_mild
Elf:3:    elf_hall_gauntlet_wide, layout_gridlike, ebering_ghost_gozag,
          grunt_megastairs_5
Vaults:1: nicolae_vaults_storage_closets_3, v_misc_24,
          nicolae_vaults_tetromino_T_2, ontoclasm_vaults_fault,
          nicolae_vaults_puzzle_piece, nicolae_vaults_angled_halls,
          grunt_vaults_trifunnel, hangedman_vaults_stream,
          nicolae_vaults_security_offices_1, nicolae_vaults_diamond_2,
          nicolae_vaults_closet_pinwheel_4,
          nicolae_vaults_taking_the_gang_shopping, nicolae_vaults_apartment_1,
          layout_vaults_omnibox
Vaults:2: ontoclasm_vaults_hangar, wander_protected_by_tso, v_misc_4,
          vaults_mumra_hex, vaults_mumra_minichess,
          nicolae_vaults_network_barrier, v_pattern_3,
          nicolae_vaults_octothorpe, layout_vaults_omnicross
Vaults:3: hangedman_vaults_slice, nicolae_vaults_hallways_thing,
          ontoclasm_vaults_hangar, ontoclasm_vaults_claustrophobia,
          nicolae_vaults_little_squares_5, vaults_room_grid,
          nicolae_vaults_sesquioval_fish, minmay_crypt_entry_necro_gods,
          nicolae_vaults_yaktaur_gun_rack, nicolae_vaults_apartment_1,
          vaults_room_corners, nicolae_vaults_surprise_closet, vaults_dpeg_ring,
          layout_vaults_omnigrid, uniq_zenata
Vaults:4: nicolae_vaults_what_the_h, nicolae_vaults_closet_pinwheel_2,
          kennysheep_vaults_gozag_temple, v_pattern_1, hangedman_vaults_impose,
          vaults_room_pool, ontoclasm_vaults_spin,
          nicolae_vaults_doubleplus_tesselated, v_misc_30, layout_vaults_ring
Depths:1: layout_cave_pools, chequers_serial_rivers_small_3, mu_enter_wizlab_5,
          hell_entry, uniq_asterion, uniq_saint_roka
Depths:2: minmay_skeletal_surprise, layout_basic, abyss_entry, pan_entry,
          hangedman_geh_valley, serial_shops, shop_coins,
          hangedman_abyss_or_decor_stabs, minmay_staircase_windowed_small
Depths:3: cheibrodos_poisonous_passages, layout_gridlike, hell_entry,
          minmay_stone_trees_medium, abyss_entry,
          serial_library_hellmonk_double_dead_end,
          infiniplex_staircase_pillars_2, uniq_grunn
Depths:4: grunt_x_marks_the_spot, layout_gridlike, enter_ziggurat_a, hell_entry,
          minmay_hidden_floor, uniq_enchantress
Zot:1:    lemuel_halls_of_wrath, layout_basic, uniq_parghit
Zot:2:    grunt_zot_stairs_mandelzot, layout_basic
Zot:3:    kennysheep_oblong_rooms, layout_concentric_octagons, zot_minivault_4
Zot:4:    hangedman_orp_of_zott, layout_basic
Zot:5:    layout_onion, st_stairs_14

Skill      XL: |  1  2  3  4  5  6  7  8  9 10 11 12 13 14 15 16 17 18 19 20 21 22 23 24 25 26 27 |
---------------+----------------------------------------------------------------------------------+-----
Long Blades    | 3 4 5 6 7 8 10 12 13 14 15 16 | 16.0
Fighting       | 4 5 6 7 8 9 11 12 13 14 15 16 18 19 | 19.6
Armour         | 3 4 7 9 10 11 12 13 14 15 17 19 20 25 | 25.1
Dodging        | 4 5 6 8 9 |  9.3
Evocations     | 1 3 5 7 |  7.5
Throwing       | 1 2 6 |  6.0
Spellcasting   | 6 9 10 11 12 13 14 15 16 17 18 19 21 22 26 | 26.5
Conjurations   | 6 9 10 11 12 13 14 15 16 17 18 19 21 22 26 | 26.5
Hexes          | 6 9 10 11 12 13 14 15 16 17 18 19 21 22 26 | 26.5
Summonings     | 6 9 10 11 12 13 14 15 16 17 18 19 21 22 26 | 26.5
Necromancy     | 6 9 10 11 12 13 14 15 16 17 18 19 21 22 26 | 26.5
Translocations | 6 9 10 11 12 13 14 15 16 17 18 19 21 22 26 | 26.5
Fire Magic     | 6 9 10 11 12 13 14 15 16 17 18 19 21 22 26 | 26.5
Ice Magic      | 6 9 10 11 12 13 14 15 16 17 18 19 21 22 26 | 26.5
Air Magic      | 6 9 10 11 12 13 14 15 16 17 18 19 21 22 26 | 26.5
Earth Magic    | 6 9 10 11 12 13 14 15 16 17 18 19 21 22 26 | 26.5
Alchemy        | 6 9 10 11 12 13 14 15 16 17 18 19 21 22 26 | 26.5
Stealth        | 2 5 |  5.0
Shields        | 5 8 |  8.0

Action                     |  1- 3 |  4- 6 |  7- 9 | 10-12 | 13-15 | 16-18 | 19-21 | 22-24 | 25-27 || total
---------------------------+-------+-------+-------+-------+-------+-------+-------+-------+-------++-------
  Melee: Falchion          |    98 |   117 |   277 |   277 |       |       |       |       |       ||   769
         Punch             |       |     4 |     3 |    11 |     9 |     7 |       |       |       ||    34
         Long sword        |       |    40 |       |       |       |       |       |    31 |       ||    71
         Double sword      |       |       |       |   270 |   532 |   611 |   678 |   744 |  1213 ||  4048
         Trident           |       |       |       |       |       |       |    16 |       |       ||    16
         Headbutt          |       |       |       |       |       |       |       |       |   322 ||   322
   Fire: Longbow           |       |       |       |       |       |    36 |       |       |       ||    36
  Throw: Stone             |     3 |     4 |       |       |       |       |       |       |       ||     7
         Dart              |       |     7 |     8 |    27 |    49 |    19 |     1 |     2 |     1 ||   114
         Boomerang         |       |       |     3 |     2 |       |       |       |       |       ||     5
         Javelin           |       |       |       |       |       |     1 |       |       |       ||     1
   Cast: Slow              |       |       |     2 |       |     1 |       |       |       |       ||     3
         Static Discharge  |       |       |     1 |       |       |       |       |       |     1 ||     2
         Volatile Blastmot |       |       |       |     2 |       |       |       |       |     1 ||     3
         Summon Forest     |       |       |       |     8 |    36 |    46 |    49 |    46 |    44 ||   229
         Dazzling Flash    |       |       |       |     2 |       |     2 |       |     2 |       ||     6
         Freezing Cloud    |       |       |       |       |    46 |    47 |     6 |    23 |    17 ||   139
         Plasma Beam       |       |       |       |       |     6 |   120 |   198 |   175 |   249 ||   748
         Summon Hydra      |       |       |       |       |       |     3 |     4 |     2 |     3 ||    12
         Malign Gateway    |       |       |       |       |       |       |     8 |    18 |    39 ||    65
         Maxwell's Capacit |       |       |       |       |       |       |       |       |    25 ||    25
         Lehudib's Crystal |       |       |       |       |       |       |       |       |     3 ||     3
         Polar Vortex      |       |       |       |       |       |       |       |       |    10 ||    10
         Fire Storm        |       |       |       |       |       |       |       |       |     2 ||     2
Ability: Evoke Blink       |       |       |       |       |       |       |     1 |       |       ||     1
  Evoke: Wand              |       |       |     7 |    13 |     8 |    10 |     7 |     6 |    17 ||    68
         Lightning rod     |       |       |       |       |       |     7 |     3 |     4 |       ||    14
    Use: Scroll            |       |    10 |     4 |     2 |     8 |    11 |    15 |     2 |    17 ||    69
         Potion            |       |       |     3 |       |     1 |     5 |     9 |     2 |    23 ||    43
   Stab: Distracted        |       |     1 |       |     2 |     8 |     6 |    17 |     9 |    17 ||    60
         Petrifying        |       |     1 |       |     1 |       |       |       |       |     1 ||     3
         Petrified         |       |     1 |       |       |       |       |       |       |     2 ||     3
         Paralysed         |       |       |    12 |     3 |       |       |       |     2 |     3 ||    20
         Confused          |       |       |       |     1 |       |       |       |     1 |     7 ||     9
         Sleeping          |       |       |       |     2 |     2 |     3 |     2 |    13 |    10 ||    32
         Invisible         |       |       |       |     2 |       |     4 |     1 |       |     7 ||    14
 Armour: Leather armour    |    63 |   121 |   173 |   185 |   307 |   519 |   814 |    30 |       ||  2212
         Steam dragon scal |       |       |       |   152 |    76 |       |       |       |       ||   228
         Ring mail         |       |       |       |       |    27 |   126 |       |       |       ||   153
         Skin              |       |       |       |       |     2 |       |       |       |       ||     2
         Ice dragon scales |       |       |       |       |       |       |       |   609 |  1267 ||  1876
  Dodge: Dodged            |    69 |   113 |   162 |   376 |   313 |   435 |   553 |   459 |   778 ||  3258
  Block: Buckler           |       |       |       |       |       |   105 |   336 |   324 |   486 ||  1251
         Reflection        |       |       |       |       |       |       |       |       |     8 ||     8
